 Dungeon Crawl Stone Soup version 0.28-a0-239-g68911e0c57 (webtiles) character file.

Game seed: 606175080820353416

14636851 spicyOOTC the Spellbinder (level 27, 117/171 HPs)
             Began as a Demonspawn Venom Mage on Aug 21, 2021.
             Was a Follower of Uskayaw.
             Escaped with the Orb
             ... and 15 runes on Jan 22, 2022!
             The game lasted 16:42:01 (108036 turns).

spicyOOTC the Spellbinder (Demonspawn Venom Mage) Turns: 108036, Time: 16:42:01

Health: 117/171    AC: 24    Str:  8    XL:     27
Magic:  42/44      EV: 32    Int: 23    God:    Uskayaw [*.....]
Gold:   7014       SH: 34    Dex: 22    Spells: 1/61 levels left

rFire   + + +      SeeInvis +   a - +7 Spriggan's Knife {stab, EV+4 Stlth+}
rCold   + . .      Faith    +   P - +7 tower shield of Activism {Will+ SInv}
rNeg    + + .      Spirit   .   e - +4 ring mail of Negligence {Rampage rN+}
rPois   +          Reflect  .   y - +1 helmet of Divine Intervention {Will+}
rElec   +          Harm     .   G - +2 cloak {rCorr}
rCorr   +          Rampage  +   o - +2 pair of gloves
Will    +++++      Rnd*Tele +   (boots unavailable)
Stlth   +++.......              s - amulet "Zoxitaps" {Faith rElec rF++ Regen+ SInv}
HPRegen 1.38/turn               l - ring of Enuniah {rF+ rN+ Str-3 Dex+6 SInv}
MPRegen 0.29/turn               A - ring of the Hare {EV+8}

@: mighty, studying 3 skills
A: talons 3, icy blue scales 3, hurl damnation, powered by death 3, spiny 3,
torment resistance 1, demonic willpower, large bone plates 1, see invisible,
deformed body, fire resistance 1, frail 2, poison resistance, screaming 1,
teleportitis 1, weak 1
0: Orb of Zot
}: 15/15 runes: decaying, slimy, silver, golden, iron, obsidian, icy, bone,
abyssal, demonic, glowing, magical, fiery, dark, gossamer
a: Hurl Damnation, Renounce Religion, Stomp


You escaped.
You worshipped Uskayaw.
Uskayaw was extremely pleased with you.
You visited 18 branches of the dungeon, and saw 90 of its levels.
You visited Pandemonium 2 times, and saw 19 of its levels.
You visited the Abyss 3 times.
You also visited: Ice Cave and Volcano.

You collected 24365 gold pieces.
You spent 17351 gold pieces at shops.

Inventory:

Hand Weapons
 a - the +7 Spriggan's Knife (weapon) {stab, EV+4 Stlth+}
   (You found it on level 4 of the Swamp)

   It is more effective when stabbing unaware enemies, treating them as though
   they were completely helpless.
   EV:        It affects your evasion (+4).
   Stlth:     It makes you more stealthy.
 b - a +9 broad axe of electrocution
   (You bought it in a shop on level 6 of the Dungeon)
 U - a +9 broad axe of freezing
   (You took it off a hell knight on level 5 of Gehenna)
Missiles
 j - 3 silver javelins
 r - 3 throwing nets {!d !f =f}
 C - 12 silver boomerangs (quivered)
 W - 5 curare-tipped darts
 Y - 7 boomerangs of dispersal {!d !f =f}
Armour
 e - the +4 ring mail of Negligence (worn) {Rampage rN+}
   (You bought it in a shop on level 15 of the Dungeon)

   rN:        It protects you from negative energy.
   Rampage:   It bestows one free step when moving towards enemies.
 o - a +2 pair of gloves (worn)
   (You found it on level 2 of the Dungeon)
 y - the +1 helmet of Divine Intervention (worn) {Will+}
   (You found it in a volcano)

   Will:      It increases your willpower.
 G - a +2 cloak of preservation (worn)
   (You found it on level 7 of the Iron City of Dis)
 P - the +7 tower shield of Activism (worn) {Will+ SInv}
   (You took it off a red devil in Pandemonium)

   SInv:      It lets you see invisible.
   Will:      It increases your willpower.
Jewellery
 i - the ring "Rucoag" {rF- rN+ Will+ Slay+2 SInv}
   (You found it on level 3 of the Crypt)

   [ring of positive energy]

   Slay:      It affects your accuracy & damage with ranged weapons and melee
   (+2).
   rF:        It makes you vulnerable to fire.
   rN:        It protects you from negative energy.
   SInv:      It lets you see invisible.
   Will:      It increases your willpower.
 l - the ring of Enuniah (left hand) {rF+ rN+ Str-3 Dex+6 SInv}
   (You found it on level 3 of the Tomb of the Ancients)

   [ring of dexterity]

   Str:       It affects your strength (-3).
   Dex:       It affects your dexterity (+6).
   rF:        It protects you from fire.
   rN:        It protects you from negative energy.
   SInv:      It lets you see invisible.
 s - the amulet "Zoxitaps" (around neck) {Faith rElec rF++ Regen+ SInv}
   (You acquired it on level 3 of the Depths)

   [amulet of faith]

   It allows you to gain divine favour quickly.
   rF:        It greatly protects you from fire.
   rElec:     It insulates you from electricity.
   SInv:      It lets you see invisible.
   Regen:     It increases your rate of health regeneration.
 v - the ring of Birdsong {rPois AC+4 SInv}
   (You bought it in a shop on level 2 of the Orcish Mines)

   [ring of protection]

   AC:        It affects your AC (+4).
   rPois:     It protects you from poison.
   SInv:      It lets you see invisible.
 A - the ring of the Hare (right hand) {EV+8}
   (You found it on level 13 of the Dungeon)

   [ring of evasion]

   EV:        It affects your evasion (+8).
 E - the ring "Odiriod" {rC+ rCorr MP+9 Str-4 Int+3}
   (You found it on level 2 of the Swamp)

   [ring of resist corrosion]

   Str:       It affects your strength (-4).
   Int:       It affects your intelligence (+3).
   rC:        It protects you from cold.
   MP:        It affects your magic capacity (+9).
   rCorr:     It protects you from acid and corrosion.
 F - the ring of Olute {Wiz rN+ Slay+3}
   (You found it on level 7 of Cocytus)

   [ring of wizardry]

   It improves your spell success rate.
   Slay:      It affects your accuracy & damage with ranged weapons and melee
   (+3).
   rN:        It protects you from negative energy.
Wands
 g - a wand of digging (24)
   (You found it on level 6 of the Lair of Beasts)
 p - a wand of charming (11)
   (You bought it in a shop on level 6 of the Dungeon)
 R - a wand of iceblast (80)
   (You took it off Harold on level 8 of the Dungeon)
 V - a wand of acid (34)
   (You found it on level 10 of the Dungeon)
Scrolls
 d - 9 scrolls of teleportation {@r4}
 f - 6 scrolls of blinking {!r}
 x - 5 scrolls of summoning
 B - 12 scrolls of fog
 H - 9 scrolls of immolation
 I - 9 scrolls of silence {!r}
 J - 10 scrolls of fear
 M - 13 scrolls of vulnerability {!r}
 Z - 4 scrolls of torment
Potions
 m - 3 potions of invisibility
 n - 10 potions of brilliance
 q - 6 potions of berserk rage {!q}
 u - 23 potions of curing {@q1}
 w - 2 potions of cancellation
 z - 15 potions of attraction
 D - a potion of mutation
 K - 9 potions of lignification
 L - 4 potions of magic
 N - 2 potions of haste {@q3}
 O - 4 potions of might
 Q - 14 potions of heal wounds {@q2}
 T - 6 potions of resistance
Miscellaneous
 c - a box of beasts
   (You found it on level 13 of the Dungeon)
 h - a condenser vane
   (You found it on level 3 of the Depths)
 k - a phantom mirror
   (You found it on level 3 of the Elven Halls)
 t - a lightning rod (4/4)
   (You found it on level 3 of the Spider Nest)
 S - a figurine of a ziggurat
 X - a phial of floods
   (You found it on level 3 of the Elven Halls)


   Skills:
 - Level 17.0 Fighting
 - Level 10.0 Short Blades
 - Level 18.0 Axes
 - Level 7.9 Throwing
 - Level 16.1 Armour
 - Level 18.0 Dodging
 - Level 22.6 Stealth
 - Level 18.6 Shields
 - Level 17.5 Spellcasting
 - Level 18.0 Conjurations
 O Level 27 Hexes
 - Level 3.0 Summonings
 - Level 1.0 Necromancy
 - Level 8.0 Translocations
 - Level 17.0 Transmutations
 - Level 1.0 Fire Magic
 - Level 5.0 Ice Magic
 - Level 5.0 Air Magic
 - Level 1.0 Earth Magic
 - Level 7.0 Poison Magic
 + Level 26.2 Invocations
 - Level 7.5 Evocations


You had one spell level left.
You knew the following spells:

 Your Spells              Type           Power      Damage    Failure   Level
a - Confusing Touch       Hex            97%        N/A       0%          3
b - Yara's Violent Unrav  Hex/Tmut       44%        3d17      1%          5
c - Animate Skeleton      Necr           48%        N/A       9%          1
d - Discord               Hex            48%        N/A       1%          8
e - Ensorcelled Hibernat  Hex/Ice        100%       N/A       1%          2
g - Apportation           Tloc           100%       N/A       1%          1
h - Manifold Assault      Tloc           54%        N/A       13%         5
i - Silence               Hex/Air        38%        N/A       1%          5
j - Summon Mana Viper     Hex/Summ       73%        N/A       1%          5
k - Inner Flame           Hex/Fire       71%        N/A       1%          3
l - Tukima's Dance        Hex            97%        N/A       0%          3
m - Irradiate             Conj/Tmut      39%        3d26      1%          5
n - Fulminant Prism       Conj/Hex       44%        3d20      0%          4
v - Passwall              Tmut/Erth      47%        N/A       1%          2
B - Blink                 Tloc           N/A        N/A       1%          2
I - Invisibility          Hex            48%        N/A       1%          6

Your spell library contained the following spells:

 Spells                   Type           Power      Damage    Failure   Level
 Beastly Appendage        Tmut           100%       N/A       0%          1
 Corona                   Hex            100%       N/A       0%          1
 Magic Dart               Conj           100%       1d8       0%          1
 Foxfire                  Conj/Fire      100%       2x1d9     1%          1
 Freeze                   Ice            100%       1d11      1%          1
 Shock                    Conj/Air       100%       1d9       1%          1
 Sting                    Tmut/Pois      100%       1d8       1%          1
 Summon Small Mammal      Summ           100%       N/A       3%          1
 Pain                     Necr           96%        1d8       9%          1
 Sandblast                Erth           48%        2d12      9%          1
 Searing Ray              Conj           100%       3d7       0%          2
 Slow                     Hex            97%        N/A       0%          2
 Dazzling Flash           Conj/Hex       100%       N/A       0%          3
 Poisonous Vapours        Pois/Air       94%        N/A       1%          2
 Static Discharge         Conj/Air       64%        N/A       1%          2
 Wereblood                Tmut           78%        N/A       1%          2
 Conjure Flame            Conj/Fire      59%        6-21      1%          3
 Gell's Gravitas          Tloc           27%        N/A       1%          3
 Ignite Poison            Fire/Tmut/Pois 55%        N/A       1%          3
 Lesser Beckoning         Tloc           27%        N/A       1%          3
 Mephitic Cloud           Conj/Pois/Air  60%        N/A       1%          3
 Portal Projectile        Hex/Tloc       100%       N/A       1%          3
 Spider Form              Tmut/Pois      33%        N/A       1%          3
 Stone Arrow              Conj/Erth      100%       3d13      1%          3
 Summon Guardian Golem    Hex/Summ       73%        N/A       1%          3
 Teleport Other           Tloc           54%        N/A       1%          3
 Hailstorm                Conj/Ice       64%        3d14      1%          4
 Ice Form                 Ice/Tmut       63%        N/A       1%          4
 Iskenderun's Mystic Bla  Conj/Tloc      68%        2d14      1%          4
 Leda's Liquefaction      Hex/Erth       35%        N/A       1%          4
 Blade Hands              Tmut           39%        N/A       1%          5
 Iskenderun's Battlesphe  Conj           80%        2d13      1%          5
 Metabolic Englaciation   Hex/Ice        38%        N/A       1%          5
 Sticky Flame             Conj/Fire      59%        2d7       2%          4
 Alistair's Intoxication  Tmut/Pois      44%        N/A       2%          5
 Petrify                  Tmut/Erth      57%        N/A       3%          4
 Lightning Bolt           Conj/Air       32%        1d49      3%          5
 Frozen Ramparts          Ice            86%        1d10      4%          3
 Ozocubu's Armour         Ice            43%        N/A       4%          3
 Swiftness                Air            43%        N/A       4%          3
 Passage of Golubria      Tloc           N/A        N/A       4%          4
 Call Imp                 Summ           33%        N/A       5%          2
 Corpse Rot               Necr/Air       N/A        N/A       5%          2
 Orb of Destruction       Conj           40%        9d14      6%          7
 Olgreb's Toxic Radiance  Pois           51%        N/A       7%          4
 Fireball                 Conj/Fire      29%        3d13      7%          5
 Dragon Form              Tmut           39%        N/A       10%         7
 Call Canine Familiar     Summ           33%        N/A       11%         3
 Sublimation of Blood     Necr           12%        N/A       12%         2
 Eringya's Noxious Bog    Tmut/Pois      33%        N/A       14%         6
 Airstrike                Air            21%        N/A       16%         4
 Conjure Ball Lightning   Conj/Air       32%        3x3d10    17%         6
 Bolt of Magma            Conj/Fire/Erth 25%        4d12      22%         5
 Vampiric Draining        Necr           12%        2d7       24%         3
 Summon Ice Beast         Ice/Summ       38%        N/A       24%         4
 Summon Lightning Spire   Summ/Air       38%        N/A       24%         4
 Summon Forest            Summ/Tloc      22%        N/A       34%         5
 Iron Shot                Conj/Erth      29%        9d6       36%         6
 Starburst                Conj/Fire      29%        6d9       36%         6
 Statue Form              Tmut/Erth      38%        N/A       43%         6
 Animate Armour           Summ/Erth      58%        N/A       47%         4
 Dispersal                Tloc           27%        N/A       56%         6
 Animate Dead             Necr           12%        N/A       63%         4
 Dispel Undead            Necr           24%        3d12      63%         4
 Storm Form               Tmut/Air       31%        N/A       75%         7
 Spellforged Servitor     Conj/Summ      31%        N/A       80%         7
 Borgnjor's Vile Clutch   Necr/Erth      12%        N/A       92%         5
 Lee's Rapid Deconstruct  Erth           12%        3d9*      92%         5
 Shadow Creatures         Summ           N/A        N/A       99%         6
 Simulacrum               Ice/Necr       16%        N/A       99%         6
 Death Channel            Necr           12%        N/A       100%        6
 Haunt                    Necr/Summ      14%        N/A       100%        7
 Malign Gateway           Summ/Tloc      22%        N/A       100%        7
 Monstrous Menagerie      Summ           16%        N/A       100%        7
 Ozocubu's Refrigeration  Ice            21%        4d9       100%        7
 Summon Hydra             Summ           16%        N/A       100%        7
 Borgnjor's Revivificati  Necr           12%        N/A       100%        8
 Disjunction              Tloc           27%        N/A       100%        8
 Ignition                 Fire           12%        3d6       100%        8
 Infestation              Necr           12%        N/A       100%        8
 Lehudib's Crystal Spear  Conj/Erth      29%        10d8      100%        8
 Maxwell's Capacitive Co  Air            21%        ∞         100%        8
 Necromutation            Tmut/Necr      28%        N/A       100%        8
 Summon Horrible Things   Summ           16%        N/A       100%        8
 Death's Door             Necr           12%        N/A       100%        9
 Polar Vortex             Ice            21%        N/A       100%        9
 Shatter                  Erth           12%        3d13*     100%        9


Dungeon Overview and Level Annotations

Branches:
Dungeon (15/15)            Temple (1/1) D:4            Lair (6/6) D:8
  Swamp (4/4) Lair:4       Spider (4/4) Lair:3        Slime (5/5) Lair:6
    Orc (2/2) D:10            Elf (3/3) Orc:2        Vaults (5/5) D:14
  Crypt (3/3) Vaults:2       Tomb (3/3) Crypt:3      Depths (5/5) D:15
   Hell (visited)             Dis (7/7) Hell            Geh (7/7) Hell
    Coc (7/7) Hell            Tar (7/7) Hell            Zot (5/5) Depths:5
  IceCv (visited)         Volcano (visited)

Altars:
Ashenzari
Cheibriados
Dithmenos
Elyvilon
Fedhas
Gozag
Hepliaklqana
Kikubaaqudgha
Makhleb
Nemelex Xobeh
Okawaru
Qazlal
Ru
Sif Muna
Trog
Uskayaw
Vehumet
Wu Jian
Xom
Yredelemnul
Zin
The Shining One
Beogh
Jiyva

Shops:
D:4 ?[((   D:6 *?**(   D:11 *   D:15 [   Orc:2 ([=(   Elf:1 *   Elf:2 ?!?=
Vaults:1 =:[   Vaults:3 :   Vaults:4 *   Depths:3 =:=   Depths:5 :

Portals:
Hell: Depths:1 Depths:2 Depths:3 Depths:4 Depths:5
Abyss: Depths:1 Depths:4 Depths:5
Pandemonium: Depths:3
Ziggurat: Depths:5

Annotations:
Spider:1 wear acid res
Slime:3 exclusion: azure jelly
Depths:3 memorize new spells, do some amnesia
Coc:3 exclusion: zombie
Coc:4 exclusion: zombie
Zot:5 1 exclusion


Innate Abilities, Weirdness & Mutations

You have claws for feet.
You are completely covered in icy blue scales. (AC +4, rC+)
You can hurl damnation.
You regenerate a lot of health from kills.
You are completely covered in sharp spines.
You are resistant to unholy torment.
You punish those that try to bend your will. (Will+)
You are partially covered in large bone plates. (SH +4)
You have supernaturally acute eyesight. (SInv)
Armour fits poorly on your strangely shaped body.
Your flesh is heat resistant. (rF+)
You are very frail. (-20% HP)
Your system is resistant to poisons. (rPois)
You occasionally shout uncontrollably at your foes.
You are occasionally teleported next to monsters.
You are weak. (Str -2)


Message History

As you read the scroll of blinking {!r}, it crumbles to dust.
Really go through this one-way escape hatch?
A mysterious force pulls you upwards. The hatch slams shut behind you.
(D) Dungeon (T) Temple (L) Lair (S) Swamp (N) Spider Nest (M) Slime Pits (O) Orcish Mines (E) Elven Halls (V) Vaults (C) Crypt (W) Tomb (U) Depths (H) Hell (I) Dis (G) Gehenna (X) Cocytus (Y) Tartarus (Z) Zot
Where to? (* - list waypoints, Enter - D:1 @ (x,y), ? - help)
You climb upwards.
You climb upwards.
You climb upwards.
A Hell Sentinel comes into view.
You yell at the Hell Sentinel!
The Hell Sentinel moves out of view.
The Hell Sentinel gestures at you. You block the iron shot.
You hit the Hell Sentinel but do no damage.
Your kick misses the Hell Sentinel.
You hit the Hell Sentinel but do no damage.
The Hell Sentinel gestures at you. The iron shot misses you.
You slice the Hell Sentinel!!
The Hell Sentinel is lightly wounded.
You block the Hell Sentinel's attack. x2
You slash the Hell Sentinel!
You claw the Hell Sentinel, but do no damage.
The Hell Sentinel is moderately wounded.
The Hell Sentinel gestures at you. You block the iron shot.
You barely miss the Hell Sentinel.
The Hell Sentinel is moderately wounded.
The Hell Sentinel hits you!! You block the Hell Sentinel's attack.
You hit the Hell Sentinel but do no damage.
You claw the Hell Sentinel, but do no damage.
The Hell Sentinel is moderately wounded.
The Hell Sentinel gestures at you.
The sphere of damnation explodes!
The damnation engulfs you!!
The damnation engulfs the Hell Sentinel.
The Hell Sentinel completely resists.
You hit the Hell Sentinel but do no damage.
The Hell Sentinel is moderately wounded.
You block the Hell Sentinel's attack. x2
You hit the Hell Sentinel but do no damage.
The Hell Sentinel is lightly wounded.
You hit the Hell Sentinel.
The Hell Sentinel is moderately wounded.
You block the Hell Sentinel's attack. x2
You hit the Hell Sentinel.
You claw the Hell Sentinel, but do no damage.
The Hell Sentinel is moderately wounded.
The Hell Sentinel completely misses you.
You block the Hell Sentinel's attack.
You feel very mighty all of a sudden. You block the Hell Sentinel's attack.
The Hell Sentinel hits you but does no damage.
You hit the Hell Sentinel but do no damage.
You claw the Hell Sentinel!
The Hell Sentinel is moderately wounded.
The Hell Sentinel hits you!! You block the Hell Sentinel's attack.
You can now pass through a line of other dancers.
You barely miss the Hell Sentinel.
You claw the Hell Sentinel, but do no damage.
The Hell Sentinel is moderately wounded.
You block the Hell Sentinel's attack. The Hell Sentinel barely misses you.
You barely miss the Hell Sentinel.
You claw the Hell Sentinel, but do no damage.
The Hell Sentinel is moderately wounded.
You hit the Hell Sentinel.
You claw the Hell Sentinel, but do no damage.
The Hell Sentinel is moderately wounded.
The Hell Sentinel barely misses you.
The Hell Sentinel completely misses you.
You slash the Hell Sentinel!
The Hell Sentinel is heavily wounded.
The Hell Sentinel is struck by your spines.
The Hell Sentinel hits you but does no damage.
You block the Hell Sentinel's attack.
You hit the Hell Sentinel but do no damage.
You claw the Hell Sentinel, but do no damage.
The Hell Sentinel is heavily wounded.
You block the Hell Sentinel's attack. x2
Aiming: Line Pass
Press: ? - help, Dir - move target
Okay, then.
Aiming: Line Pass
Press: ? - help, Dir - move target The Hell Sentinel appears confused.
You can no longer pass through a line of other dancers.
Your +9 broad axe of electrocution stops crackling.
a - the +7 Spriggan's Knife (weapon)
{stab, EV+4 Stlth+} You block the Hell Sentinel's attack. x2
The helpless Hell Sentinel fails to defend itself.
You skewer the Hell Sentinel like a kebab!!!!!
You kill the Hell Sentinel!
You can now pass through a line of other dancers.
You can no longer pass through a line of other dancers.
There is a staircase leading out of the dungeon here.
You have escaped!

░.░░░..░ ░... ░░░░░░░°.☼...░
░... ░░░░♣.♣♣.░░§°§...░ ░...
░░§§§♣♣§.♣§☼.░░░..░ ░...
░..♣♣§§§⌠♣.♣°♣░░..░ ░.░░
░♣♣○♣§§☼.⌠♣.♣♣░...░ ░...
♣.♣☼☼.§8..⌠.♣.♣.░.░░░...
░░░░░░░♣.♣°°......⌠♣.♣.........
░.......♣♣..8.@.8..........░░░░
░.░░░░░♣♣.⌠.......⌠.♣♣.░░..░░░░
░.░...░§§♣§⌠..8..⌠♣♣.♣.........
░.░.....♣♣§♣⌠...⌠.♣♣.░░░░..░░..
░.░...░§§§♣♣.⌠.⌠♣.♣.♣§.....░░..
░.░░.░░°░§♣.♣.♣.♣♣°§☼○.........
░.....§§☼.☼..♣♣.♣.°.°§░░░░.░░..
░░░░.░░░░░.░░..☼☼§§.....░░.░░░░
░...░ ░.░░.░░§░░░..░.░░.░ ░.


There were no monsters in sight!

Vanquished Creatures
  Cerebov (Pan)
  Antaeus (Coc:7)
  Asmodeus (Geh:7)
  Dissolution (Slime:5)
  the Royal Jelly (Slime:5)
  Gloorx Vloq (Pan)
  Ereshkigal (Tar:7)
  Lom Lobon (Pan)
  the Serpent of Hell (Dis:7)
  2 dread liches
  Dispater (Dis:7)
  2 orbs of fire (Zot:5)
  6 ancient liches
  A juggernaut (Depths:3)
  22 royal mummies
  Mennas (Vaults:3)
  Boris (Tomb:2)
  7 pandemonium lords
  3 Killer Klowns (Zot:5)
  The ghost of Xihoome the Slayer, a veteran MiGl of Okawaru (Elf:2)
  10 shard shrikes
  Margery (Depths:1)
  Saint Roka (Vaults:2)
  Bai Suzhen (Swamp:4)
  Xtahua (Depths:5)
  Geryon (Hell)
  22 golden dragons
  A caustic shrike (Depths:3)
  Nikola (Spider:4)
  2 profane servitors
  8 bone dragons
  2 doom hounds (Tar:1)
  16 Tzitzimimeh
  4 electric golems
  14 Brimstone Fiends
  7 iron giants
  The ghost of gowby the Warrior, an adept BaIE of Okawaru (Elf:1)
  16 tentacled monstrosities
  Jorgrun (D:14)
  22 Ice Fiends
  3 hellephants
  24 Orb Guardians
  16 liches
  12 Hell Sentinels
  A deep elf master archer (Elf:3)
  4 deep elf blademasters (Elf:3)
  A quicksilver dragon (shapeshifter) (Depths:4)
  9 titans
  9 quicksilver dragons
  An acid blob (shapeshifter) (Depths:3)
  8 tentacled starspawn
  12 acid blobs
  7 death cobs
  17 sphinxes
  20 ancient champions
  5 thorn hunters
  19 shadow dragons
  4 tengu reavers
  26 Executioners (Pan)
  The ghost of Relobim the Severer, an adept HOFi of Beogh (Spider:2)
  The ghost of swinepaste the Stormcaller, an adept TeAE of Vehumet (Spider:3)
  6 warmongers (Pan)
  Kirke (D:12)
  Roxanne (Swamp:1)
  19 storm dragons
  14 fire giants
  6 rockslimes
  A daeva (Abyss:2)
  3 revenants
  7 draconian monks
  5 azure jellies
  5 ghost moths
  8 draconian knights
  3 draconian scorchers
  2 orc warlords
  5 deep elf sorcerers
  2 black suns (Pan)
  8 frost giants
  2 curse skulls (Pan)
  20 vault wardens
  26 balrugs
  6 blood saints (Pan)
  12 iron dragons
  17 cacodemons
  12 emperor scorpions
  The ghost of Spaninq the Fencer, a journeyman DsWr of Okawaru (Swamp:2)
  41 reapers
  8 deep elf elementalists
  28 war gargoyles
  Aizul (Spider:1)
  4 ghouls (Crypt:3)
  7 draconian shifters
  5 draconian stormcallers (Zot:4)
  18 ironbound preservers
  31 very ugly things
  5 draconian annihilators
  8 quicksilver oozes (Slime:5)
  4 caustic shrike skeletons (Crypt:3)
  27 stone giants
  The ghost of Nemul the Severer, a journeyman MiBe of Trog (Lair:2)
  18 green draconians
  13 vampire knights
  8 corrupters (Pan)
  5 deep elf demonologists
  3 dire elephants
  15 black draconians
  4 elemental wellsprings (Coc:7)
  8 deep elf annihilators
  5 yellow draconians
  A minotaur (Lair:2)
  11 lorocyprocas
  A bunyip (Swamp:3)
  19 bennus
  7 entropy weavers
  Azrael (D:12)
  8 spark wasps
  9 purple draconians
  8 red draconians
  Snorg (D:11)
  3 eidola (Crypt:3)
  18 blizzard demons
  11 white draconians
  10 ettins
  2 eleionomae
  11 deep elf death magi
  2 merfolk impalers
  A crystal guardian (Vaults:1)
  11 green deaths
  Josephine (Spider:1)
  4 quicksilver dragon zombies
  Fannar (D:11)
  6 deep elf high priests
  10 great orbs of eyes
  3 shambling mangroves
  18 mummy priests
  8 fire dragons
  17 yaktaur captains
  A quicksilver dragon skeleton (Geh:4)
  6 monstrous demonspawn (Pan)
  2 spriggan air magi
  The ghost of timneilson the Blocker, a journeyman GrFi of Okawaru (Orc:1)
  A naga warrior (Abyss:1)
  17 ice dragons
  2 peacekeepers
  Harold (D:8)
  4 ghost crabs
  7 ironbound thunderhulks
  6 rakshasas
  A juggernaut simulacrum (Pan)
  3 hell beasts
  3 ogre magi
  4 boulder beetles
  31 vault guards
  21 hydras
  11 ironbound frosthearts
  6 alligators
  An anaconda (shapeshifter) (Vaults:5)
  10 centaur warriors
  29 death scarabs
  An alligator snapping turtle (shapeshifter) (Vaults:5)
  37 dancing weapons
  3 catoblepae
  7 death yaks
  5 two-headed ogres
  3 deep troll shamans
  A shock serpent (shapeshifter) (Vaults:4)
  3 deep troll earth magi
  13 hell hogs
  4 titan zombies
  6 thrashing horrors
  3 ironbound beastmasters
  An orc high priest (Orc:2)
  5 vampire magi
  7 tengu warriors
  Urug (D:12)
  10 spriggan berserkers
  Sonja (D:11)
  3 storm dragon zombies
  Nergalle (Lair:1)
  67 hell knights
  26 soul eaters
  13 iron golems (Dis:7)
  3 shock serpents (Pan)
  43 sun demons
  11 deep elf knights
  11 shadow wraiths
  8 titan skeletons
  5 flayed ghosts
  82 skeletal warriors
  29 sixfirhies
  13 iron trolls
  3 storm dragon skeletons
  9 wretched stars
  9 gelid demonspawn (Pan)
  6 glowing orange brains
  A spatial maelstrom (Abyss:2)
  37 deep trolls
  6 goliath frogs
  9 swamp dragons
  A ghost moth zombie (Crypt:3)
  2 golden dragon zombies (Geh:1)
  2 shadow dragon zombies
  A goliath frog (shapeshifter) (Vaults:5)
  6 anaconda zombies
  5 bog bodies
  8 spriggan druids
  6 torturous demonspawn
  2 shadow demons
  8 infernal demonspawn (Pan)
  2 obsidian statues
  An orange crystal statue (IceCv)
  14 wizards
  18 phantasmal warriors
  48 ugly things
  6 anaconda skeletons
  12 deep elf archers
  13 ironbound convokers
  19 necromancers
  11 orc knights
  A mana viper (shapeshifter) (Vaults:5)
  6 lindwurms
  4 golden dragon skeletons
  23 deep elf zephyrmancers
  A shining eye (shapeshifter) (Depths:3)
  4 cyclopes
  8 orc sorcerers
  4 shining eyes
  2 wolf spider zombies
  19 orb spiders
  5 iron dragon zombies
  36 deep elf pyromancers
  A shadow dragon skeleton (Geh:7)
  7 fire giant zombies
  A moth of wrath (shapeshifter) (Vaults:3)
  5 frost giant zombies
  An oklob plant (D:8)
  2 worldbinders (Abyss:1)
  28 wolf spiders
  A shock serpent zombie (Geh:1)
  2 iron dragon skeletons
  3 stone giant zombies
  A salamander (shapeshifter) (D:14)
  6 manticores
  22 moths of wrath
  3 will-o-the-wisps
  2 guardian serpents (Abyss:1)
  2 ice statues (Pan)
  6 stone giant skeletons
  28 rust devils
  Maurice (Orc:1)
  39 large abominations
  3 fire giant skeletons
  4 frost giant skeletons
  14 elephants
  11 torpor snails
  10 molten gargoyles
  19 vault sentinels
  An eye of devastation (Slime:2)
  A naga mage (Abyss:1)
  4 black mambas
  51 smoke demons
  3 dire elephant zombies
  14 cane toads
  5 gargoyles
  32 hellions
  An emperor scorpion zombie (Dis:7)
  17 orange demons
  A cane toad (shapeshifter) (Abyss:2)
  2 dire elephant skeletons
  2 unseen horrors (Pan)
  A catoblepas zombie (Dis:6)
  28 demonic crawlers
  6 komodo dragons
  2 anaconda simulacra (IceCv)
  48 yaktaurs
  5 rime drakes (Lair:6)
  4 efreet
  6 entropy weaver simulacra (IceCv)
  2 sea snake skeletons (Hell)
  A kobold demonologist (D:10)
  4 tengu conjurers
  30 tormentors
  17 freezing wraiths
  A sea snake zombie (Hell)
  22 hellwings
  A yellow draconian skeleton (Hell)
  9 hydra zombies
  31 guardian mummies
  21 red devils
  10 trolls
  21 ice devils
  2 silent spectres (Tar:1)
  8 ancient zymes
  A harpy zombie (Dis:7)
  2 meliai (shapeshifter)
  A catoblepas skeleton (Tar:7)
  38 jumping spiders
  A death drake zombie (Crypt:3)
  3 meliai (D:14)
  70 slime creatures
  4 polar bears
  25 hornets
  A shadow dragon simulacrum (Crypt:3)
  6 hydra skeletons
  6 raiju
  The ghost of Atlas the Chiller, an amateur DgIE (D:4)
  7 tyrant leeches
  A hornet (shapeshifter) (D:14)
  12 dream sheep
  A harpy skeleton (Tar:7)
  2 fire dragon zombies
  21 blink frogs
  5 ettin zombies
  A raiju (shapeshifter) (D:15)
  Sigmund (D:2)
  2 meliai zombies (D:11)
  54 flying skulls
  A frost giant simulacrum (Tar:6)
  4 ice dragon zombies
  2 ice dragon skeletons
  20 starcursed masses
  A dire elephant simulacrum (Crypt:3)
  2 redbacks (shapeshifter)
  6 alligator zombies
  9 air elementals
  A centaur simulacrum (D:15)
  2 fire dragon skeletons
  74 redbacks
  18 spriggans
  27 shadows
  36 tarantellas
  3 spriggan simulacra (IceCv)
  7 basilisks
  12 water elementals
  23 wraiths
  7 wyverns
  Eustachio (D:6)
  57 yaks
  27 ynoxinuls
  2 hogs
  4 ettin skeletons
  A fire bat (shapeshifter) (Vaults:5)
  9 fire bats
  2 basilisks (shapeshifter)
  15 ushabtiu
  A minotaur simulacrum (IceCv)
  18 small abominations
  14 fire elementals
  8 golden eyes
  4 alligator skeletons
  18 chaos spawn
  19 neqoxecs
  2 steam dragons (D:6)
  8 vampire mosquitoes
  A spatial vortex (Abyss:2)
  2 acid dragons
  The ghost of Dittersdorf the Shield-Bearer, an amateur GrFi (D:4)
  3 wargs
  6 cane toad zombies
  10 swamp worms
  16 water moccasins
  2 merfolk zombies
  A floating eye (Depths:4)
  A merfolk skeleton (Crypt:3)
  3 hydra simulacra
  2 cane toad skeletons
  68 hell hounds
  An infernal demonspawn skeleton (Crypt:1)
  8 swamp drakes (Swamp:4)
  33 orc warriors
  A swamp dragon zombie (Geh:3)
  5 ice beasts
  3 sky beasts
  5 black bears
  15 necrophages
  A snapping turtle zombie (Dis:7)
  A lindwurm zombie (Crypt:1)
  An alligator simulacrum (IceCv)
  2 manticore zombies
  A boggart (Vaults:2)
  7 ogres
  5 snapping turtle skeletons
  5 wolves
  4 manticore skeletons
  16 centaurs
  4 phantoms
  6 kobold brigands
  11 bullfrogs
  4 deep troll simulacra (IceCv)
  6 earth elementals
  2 wyvern zombies
  4 scorpions
  A gnoll sergeant (D:9)
  A hornet simulacrum (D:14)
  A spriggan zombie (Tar:7)
  2 lindwurm simulacra (IceCv)
  2 water moccasin skeletons (D:4)
  A wyvern skeleton (D:7)
  A troll zombie (Tar:2)
  A killer bee (D:9)
  A howler monkey (D:4)
  35 wights
  An electric eel (D:10)
  6 crimson imps
  5 centaur zombies
  2 quasits (Abyss:1)
  Crazy Yiuf (D:6)
  5 human zombies
  28 orc priests
  A demonspawn skeleton (Crypt:3)
  4 hounds
  2 jellies (D:6)
  2 bullfrog skeletons (D:6)
  25 iron imps
  A human skeleton (Geh:1)
  An iguana (D:6)
  37 orc wizards
  8 hell rats
  Terence (D:3)
  A tengu skeleton (Tar:7)
  A naga skeleton (Geh:1)
  A tengu zombie (Dis:6)
  29 mummies
  6 howler monkey zombies
  8 gnolls
  3 adders
  5 shadow imps
  5 white imps
  5 ufetubi
  An adder skeleton (D:5)
  2 worms
  2 dart slugs
  83 orcs
  8 ball pythons
  A bat skeleton (Crypt:3)
  4 endoplasms
  7 giant cockroaches
  6 goblins
  5 hobgoblins
  3 jackals (D:5)
  24 kobolds
  4 quokkas
  2 bats (D:1)
  6 frilled lizards
  2 rats
  A ball lightning (Pan)
  3 briar patches (Swamp:3)
  A fulminant prism (Depths:5)
  A lurking horror (Abyss:1)
  6 starspawn tentacles
4068 creatures vanquished.

Vanquished Creatures (collateral kills)
  3 royal mummies
  A Brimstone Fiend (Geh:7)
  2 tentacled monstrosities
  2 Orb Guardians (Zot:5)
  An ancient champion (Tomb:3)
  An Executioner (Pan)
  A tengu reaver (Depths:3)
  A vault warden (Vaults:5)
  2 draconian annihilators (Pan)
  A reaper (Tar:7)
  A war gargoyle (Dis:7)
  2 vampire knights
  A green draconian (Zot:4)
  A red draconian (Zot:4)
  2 vault guards
  A hell hog (Hell)
  2 tengu warriors
  2 death scarabs
  2 alligators (Swamp:1)
  2 skeletal warriors
  A goliath frog (Swamp:1)
  A bog body (Swamp:1)
  A phantasmal warrior (Geh:7)
  An ugly thing (Depths:2)
  A manticore (Lair:6)
  A moth of wrath (Zot:5)
  A smoke demon (Pan)
  A molten gargoyle (Hell)
  A frost giant skeleton (Tomb:3)
  An orange demon (Pan)
  A gargoyle (D:13)
  5 hellions (Pan)
  2 tormentors
  An ice devil (Dis:5)
  3 hellwings (Pan)
  3 guardian mummies (Tomb:3)
  5 red devils
  A slime creature (Slime:1)
  2 dream sheep
  4 flying skulls (Tomb:2)
  A shadow (Tar:7)
  A ynoxinul (Pan)
  2 yaks (Lair:6)
  2 ushabtiu (Tomb:3)
  A swamp worm (Swamp:1)
  A spatial vortex (Abyss:2)
  2 wights (Crypt:3)
  2 starcursed masses (Abyss:1)
  A crimson imp (Pan)
  A hell rat (Lair:5)
  A mummy (Tomb:2)
  A shadow imp (Tar:7)
  An ufetubus (Abyss:1)
  An orc (Vaults:5)
  A fulminant prism (Tomb:3)
  A starspawn tentacle (Abyss:3)
88 creatures vanquished.

Vanquished Creatures (others)
  A bennu (Tomb:3)
  A great orb of eyes (Depths:2)
  A hell hog (Geh:7)
  5 dancing weapons
  A spriggan (Swamp:3)
  A soul eater (Tar:1)
  A torturous demonspawn (Pan)
  A deep elf zephyrmancer (Elf:3)
  An orange demon (Pan)
  A smoke demon (Pan)
  4 hellions (Pan)
  An ice devil (Pan)
  A guardian mummy (Tomb:2)
  2 tormentors (Pan)
  2 hellwings (Pan)
  A bloated husk (Swamp:3)
  A hornet (Swamp:3)
  A harpy skeleton (Coc:6)
  A large abomination (Abyss:3)
  A wraith (Dis:7)
  2 ynoxinuls (Pan)
  3 flying skulls
  A shadow (Geh:1)
  A fire bat (Pan)
  2 small abominations
  A necrophage (Crypt:3)
  2 wights (Geh:1)
  A tengu skeleton (Geh:4)
  2 mummies
  A white imp (Coc:7)
  6 ball lightnings (Pan)
  14 foxfires
  111 fulminant prisms
  22 fungi
  2 lurking horrors (Abyss:3)
  86 plants
  10 starspawn tentacles
296 creatures vanquished.

Grand Total: 4452 creatures vanquished

Notes
Turn   | Place    | Note
-------+----------+-------------------------------------------
     0 | D:1      | spicyOOTC the Demonspawn Venom Mage began the quest for the
                  | Orb.
     0 | D:1      | Reached XP level 1. HP: 13/13 MP: 3/3
   191 | D:1      | Reached skill level 1 in Transmutations
   337 | D:1      | Reached skill level 2 in Stealth
   398 | D:1      | Gained mutation: You regenerate a little health from kills.
                  | [demonic ancestry]
   398 | D:1      | Reached XP level 2. HP: 17/19 MP: 0/5
   903 | D:1      | Learned a level 2 spell: Poisonous Vapours
   910 | D:2      | Noticed Sigmund
  1258 | D:2      | Reached skill level 1 in Air Magic
  1268 | D:2      | Gained mutation: You are partially covered in icy blue
                  | scales. (AC +2) [demonic ancestry]
  1268 | D:2      | Reached XP level 3. HP: 18/24 MP: 0/6
  2145 | D:3      | Found a faded altar of an unknown god.
  2195 | D:3      | Reached XP level 4. HP: 30/30 MP: 1/8
  2410 | D:2      | Learned a level 1 spell: Animate Skeleton
  2614 | D:3      | Found a broken altar of Ashenzari.
  3081 | D:3      | Noticed Terence
  3090 | D:3      | Killed Terence
  3091 | D:3      | Reached skill level 3 in Spellcasting
  3091 | D:3      | Reached skill level 2 in Air Magic
  3327 | D:3      | Reached skill level 4 in Poison Magic
  3342 | D:3      | Gained mutation: You are partially covered in sharp spines.
                  | [demonic ancestry]
  3342 | D:3      | Reached XP level 5. HP: 33/35 MP: 0/9
  3660 | D:4      | Noticed an ogre
  4148 | D:4      | Found Aduos's Weapon Boutique.
  4157 | D:4      | Bought a +0 rapier for 40 gold pieces
  4175 | D:4      | Noticed a necrophage
  4298 | D:4      | Found a staircase to the Ecumenical Temple.
  4308 | Temple   | Entered the Ecumenical Temple
  4620 | D:5      | Entered Level 5 of the Dungeon
  4631 | D:4      | Reached skill level 4 in Spellcasting
  4631 | D:4      | Reached XP level 6. HP: 37/41 MP: 0/12
  4718 | D:5      | Noticed a sky beast
  4793 | D:3      | Reached skill level 1 in Short Blades
  4793 | D:3      | Reached skill level 5 in Poison Magic
  4943 | D:5      | Learned a level 3 spell: Mephitic Cloud
  4946 | D:5      | Learned a level 2 spell: Ensorcelled Hibernation
  5138 | D:5      | Reached skill level 2 in Short Blades
  5138 | D:5      | Reached skill level 3 in Stealth
  5212 | D:5      | Gained mutation: You are mostly covered in sharp spines.
                  | [demonic ancestry]
  5212 | D:5      | Reached XP level 7. HP: 46/46 MP: 5/13
  5296 | D:5      | Found a hide-covered altar of Uskayaw.
  5301 | D:5      | Became a worshipper of Uskayaw the Reveller
  5382 | D:5      | Reached * piety under Uskayaw
  5386 | D:5      | Reached skill level 3 in Short Blades
  5436 | D:4      | Reached ** piety under Uskayaw
  5437 | D:4      | Reached skill level 4 in Stealth
  5576 | D:5      | Reached skill level 4 in Short Blades
  5975 | D:4      | Found Ruihesk's Magic Scroll Shoppe.
  5978 | D:4      | Bought a scroll of identify for 22 gold pieces
  6044 | D:5      | Learned a level 1 spell: Apportation
  6333 | D:5      | Reached skill level 5 in Short Blades
  6333 | D:5      | Reached skill level 1 in Invocations
  6333 | D:5      | Gained mutation: You are mostly covered in icy blue scales.
                  | (AC +3) [demonic ancestry]
  6333 | D:5      | Reached XP level 8. HP: 52/52 MP: 14/14
  6426 | D:4      | Found a runed translucent gate.
  6427 | D:4      | Found a runed translucent gate.
  6427 | D:4      | Found a runed translucent gate.
  6428 | D:4      | Noticed Dittersdorf's ghost (amateur GrFi)
  6429 | D:4      | Noticed Atlas's ghost (amateur DgIE)
  6449 | D:4      | Found Oggap's Antique Weapon Emporium.
  6533 | D:6      | Reached skill level 2 in Invocations
  6717 | D:6      | Found Dicit's Assorted Antiques.
  6756 | D:6      | Reached skill level 6 in Short Blades
  6867 | D:6      | Found Esighuunt's Weapon Boutique.
  6895 | D:6      | Reached skill level 7 in Short Blades
  7096 | D:6      | Found Gaonn's Assorted Antiques.
  7128 | D:6      | Found a burning altar of Makhleb.
  7172 | D:6      | Found Uzosiz's Magic Scroll Emporium.
  7263 | D:6      | Found Noele's General Store.
  7263 | D:6      | Noticed Eustachio
  7273 | D:6      | Reached skill level 8 in Short Blades
  7283 | D:6      | Killed Eustachio
  7284 | D:6      | Reached skill level 2 in Dodging
  7284 | D:6      | Reached skill level 1 in Hexes
  7442 | D:6      | Found a runed translucent door.
  7443 | D:6      | Noticed Crazy Yiuf
  7836 | D:7      | Reached skill level 3 in Invocations
  7836 | D:7      | Reached XP level 9. HP: 39/57 MP: 10/15
  8036 | D:7      | Reached skill level 2 in Hexes
  8255 | D:7      | Reached skill level 4 in Invocations
  8471 | D:7      | Reached skill level 1 in Conjurations
  8471 | D:7      | Reached skill level 1 in Ice Magic
  9033 | D:7      | Reached skill level 3 in Hexes
  9215 | D:8      | Reached skill level 5 in Spellcasting
  9218 | D:8      | Reached *** piety under Uskayaw
  9289 | D:8      | Found a blossoming altar of Fedhas.
  9312 | D:8      | Noticed an oklob plant
  9356 | D:8      | Noticed Harold
  9379 | D:8      | Killed Harold
  9379 | D:8      | Reached **** piety under Uskayaw
  9380 | D:8      | Reached skill level 6 in Spellcasting
  9380 | D:8      | Reached skill level 2 in Conjurations
  9380 | D:8      | Reached skill level 4 in Hexes
  9380 | D:8      | Reached skill level 2 in Ice Magic
  9380 | D:8      | Reached skill level 5 in Invocations
  9385 | D:8      | Noticed a komodo dragon
  9582 | D:8      | Found a staircase to the Lair.
  9596 | D:8      | Found a transporter.
  9607 | D:8      | Found a transporter.
  9699 | D:8      | Killed a komodo dragon
  9700 | D:8      | Reached skill level 6 in Invocations
  9700 | D:8      | Gained mutation: You regenerate health from kills. [demonic
                  | ancestry]
  9700 | D:8      | Reached XP level 10. HP: 52/63 MP: 11/19
 10032 | D:8      | Identified 2 scrolls of acquirement
 10035 | D:8      | Acquired 534 gold pieces
 10100 | D:4      | Bought the +7 pair of quick blades "Gyre" and "Gimble"
                  | {protect} for 600 gold pieces
 10100 | D:4      | Found the +7 pair of quick blades "Gyre" and "Gimble"
                  | {protect}
 10127 | D:6      | Bought a scroll of fear for 38 gold pieces
 10173 | D:6      | Bought a scroll of blinking for 90 gold pieces
 10738 | D:8      | Noticed a deep elf zephyrmancer
 10745 | D:8      | Killed a deep elf zephyrmancer
 10746 | D:8      | Reached skill level 5 in Hexes
 11229 | D:9      | Reached skill level 3 in Conjurations
 11255 | D:9      | Reached skill level 3 in Dodging
 11271 | D:9      | Reached skill level 7 in Invocations
 11340 | D:9      | Noticed a centaur warrior
 11349 | D:9      | Killed a centaur warrior
 11560 | D:9      | Found a basalt altar of Yredelemnul.
 11805 | D:9      | Reached skill level 6 in Hexes
 11827 | D:9      | Reached skill level 4 in Dodging
 11828 | D:9      | Found an ancient bone altar of Kikubaaqudgha.
 11857 | D:9      | Reached skill level 8 in Invocations
 12003 | D:9      | Found a shimmering blue altar of Sif Muna.
 12015 | D:9      | Got Sif Muna's Disquisition on Transformation
 12413 | D:9      | Found a bloodstained altar of Trog.
 12465 | D:10     | Entered Level 10 of the Dungeon
 12587 | D:10     | Noticed a sixfirhy
 12589 | D:10     | Noticed an orange demon
 12591 | D:10     | Reached skill level 7 in Spellcasting
 12811 | D:10     | Found an ornate altar of the Wu Jian Council.
 12837 | D:10     | Found a staircase to the Orcish Mines.
 12837 | D:10     | Noticed an orc knight
 12873 | D:10     | Killed an orc knight
 12874 | D:10     | Reached XP level 11. HP: 51/68 MP: 5/21
 13712 | D:11     | Reached skill level 5 in Dodging
 13759 | D:11     | Noticed Snorg
 13769 | D:11     | Killed Snorg
 13770 | D:11     | Reached skill level 7 in Hexes
 13838 | D:11     | Noticed a green ugly thing
 13853 | D:11     | Killed a green ugly thing
 13946 | D:11     | Reached skill level 8 in Spellcasting
 13949 | D:11     | Reached ***** piety under Uskayaw
 13991 | D:11     | Noticed Sonja
 14001 | D:11     | Killed Sonja
 14002 | D:11     | Reached skill level 8 in Hexes
 14056 | D:11     | Found Soulofik's Changing Room.
 14147 | D:11     | Noticed Fannar
 14218 | D:11     | Learned a level 3 spell: Ignite Poison
 14398 | D:11     | Noticed a centaur warrior
 14410 | D:11     | Killed a centaur warrior
 14411 | D:11     | Reached skill level 9 in Spellcasting
 14411 | D:11     | Reached skill level 9 in Hexes
 14613 | D:11     | Learned a level 4 spell: Olgreb's Toxic Radiance
 14817 | D:11     | Killed Fannar
 15295 | D:11     | Found Soulofik's Changing Room.
 15823 | D:12     | Reached XP level 12. HP: 74/74 MP: 16/25
 15915 | D:10     | Reached skill level 2 in Transmutations
 15978 | D:10     | Noticed a two-headed ogre
 15978 | D:10     | Noticed a stone giant
 15987 | D:10     | Killed a two-headed ogre
 16004 | D:10     | Noticed a centaur warrior
 16004 | D:10     | Noticed an ogre mage
 16015 | D:10     | Killed a centaur warrior
 16016 | D:10     | Reached skill level 5 in Stealth
 16016 | D:10     | Reached skill level 9 in Invocations
 16017 | D:10     | Reached ****** piety under Uskayaw
 16042 | D:10     | Reached skill level 3 in Transmutations
 16047 | D:10     | Killed a stone giant
 16055 | D:10     | Paralysed by something for 2 turns
 16060 | D:10     | Killed an ogre mage
 16250 | D:10     | Noticed a two-headed ogre
 16282 | D:10     | Killed a two-headed ogre
 16283 | D:10     | Reached skill level 6 in Poison Magic
 16317 | D:10     | Reached skill level 10 in Hexes
 16596 | Lair:1   | Entered Level 1 of the Lair of Beasts
 16606 | Lair:1   | Reached skill level 10 in Spellcasting
 16651 | Lair:1   | Reached skill level 6 in Stealth
 16655 | Lair:1   | Reached skill level 1 in Fighting
 16655 | Lair:1   | Reached skill level 10 in Invocations
 16656 | Lair:1   | Reached skill level 1 in Armour
 16656 | Lair:1   | Reached skill level 1 in Fire Magic
 16663 | Lair:1   | Noticed a six-headed hydra
 16697 | Lair:1   | Killed a six-headed hydra
 16741 | Lair:1   | Reached skill level 2 in Fighting
 16746 | Lair:1   | Reached skill level 2 in Armour
 16757 | Lair:1   | Reached skill level 4 in Transmutations
 16923 | Lair:1   | Gained mutation: You have sharp toenails. [demonic
                  | ancestry]
 16923 | Lair:1   | Reached XP level 13. HP: 83/83 MP: 20/27
 16953 | Lair:1   | Reached skill level 3 in Armour
 16964 | Lair:1   | Noticed Nergalle
 17023 | Lair:1   | Killed Nergalle
 17024 | Lair:1   | Reached skill level 1 in Necromancy
 17380 | Lair:1   | Acquired 792 gold pieces
 17498 | D:6      | Bought a scroll of acquirement for 624 gold pieces
 17498 | D:6      | Acquired 1024 gold pieces
 17500 | D:6      | Bought a scroll of identify for 24 gold pieces
 17500 | D:6      | Bought a scroll of enchant armour for 90 gold pieces
 17500 | D:6      | Bought a scroll of identify for 24 gold pieces
 17500 | D:6      | Bought a scroll of teleportation for 36 gold pieces
 17500 | D:6      | Bought a scroll of identify for 24 gold pieces
 17531 | D:6      | Bought a jewelled copper wand for 100 gold pieces
 17559 | D:6      | Killed Crazy Yiuf
 17772 | D:6      | Bought a potion of curing for 33 gold pieces
 17806 | D:6      | Bought a bubbling red potion for 22 gold pieces
 17806 | D:6      | Bought a scroll of blinking for 187 gold pieces
 17806 | D:6      | Bought a scroll labelled QUMUL KAXZULUBB for 25 gold pieces
 17806 | D:6      | Bought an embroidered cloak for 187 gold pieces
 17933 | D:4      | Found Gurgh's Armour Shoppe.
 18017 | D:4      | Killed Atlas's ghost
 18017 | D:4      | Killed Dittersdorf's ghost
 18018 | D:4      | Reached skill level 5 in Transmutations
 18022 | D:4      | Identified the +9 whip of Misery {venom, rPois Str-4 Dex+3}
 18830 | D:2      | Killed Sigmund
 19723 | Lair:2   | Found a runed translucent gate.
 19723 | Lair:2   | Found a runed translucent gate.
 19723 | Lair:2   | Found a runed translucent gate.
 19802 | Lair:2   | Found a dark tunnel.
 19816 | Volcano  | Entered a volcano
 19826 | Volcano  | Noticed a stone giant
 20070 | Volcano  | Killed a stone giant
 20083 | Volcano  | Identified the +1 helmet of Divine Intervention {Will+}
 20249 | Lair:2   | Noticed a minotaur
 20264 | Lair:2   | Noticed Nemul's ghost (journeyman MiBe)
 20479 | Lair:2   | Reached skill level 7 in Stealth
 20479 | Lair:2   | Reached skill level 7 in Poison Magic
 20972 | Lair:3   | Found a hole to the Spider Nest.
 21127 | Lair:3   | Reached skill level 8 in Stealth
 21290 | Lair:3   | Found a blossoming altar of Fedhas.
 21343 | Lair:3   | Reached skill level 1 in Evocations
 21949 | Lair:4   | Reached skill level 3 in Fighting
 21949 | Lair:4   | Reached skill level 2 in Evocations
 22036 | Lair:4   | Reached skill level 4 in Fighting
 22039 | Lair:4   | Reached skill level 6 in Dodging
 22373 | Lair:4   | Found a staircase to the Swamp.
 23538 | Lair:5   | Gained mutation: You are completely covered in icy blue
                  | scales. (AC +4, rC+) [demonic ancestry]
 23538 | Lair:5   | Reached XP level 14. HP: 96/96 MP: 23/28
 23539 | Lair:5   | Reached skill level 5 in Fighting
 23836 | Lair:5   | Reached skill level 3 in Ice Magic
 24205 | Lair:6   | Entered Level 6 of the Lair of Beasts
 24440 | Lair:6   | Found a staircase to the Slime Pits.
 24440 | Lair:6   | Found a viscous altar of Jiyva.
 24457 | Lair:6   | Reached skill level 11 in Spellcasting
 24498 | Lair:6   | Reached skill level 7 in Dodging
 24673 | Lair:6   | Reached skill level 4 in Armour
 24675 | Lair:6   | Reached skill level 6 in Fighting
 24690 | Lair:6   | Reached skill level 4 in Ice Magic
 25372 | Lair:6   | Found a runed translucent door.
 25387 | Lair:6   | Reached skill level 5 in Armour
 25387 | Lair:6   | Reached skill level 11 in Hexes
 25472 | Lair:6   | Reached skill level 7 in Fighting
 25525 | Lair:6   | Reached skill level 8 in Dodging
 26022 | Lair:6   | Identified the -3 pair of gloves of Defence {Dex+3}
 26258 | D:12     | Reached skill level 8 in Fighting
 26279 | D:12     | Noticed Kirke
 26362 | D:12     | Noticed Azrael
 26376 | D:12     | Killed Azrael
 26389 | D:12     | Gained mutation: You have razor-sharp toenails. [demonic
                  | ancestry]
 26389 | D:12     | Reached XP level 15. HP: 112/112 MP: 6/30
 26588 | Orc:1    | Entered Level 1 of the Orcish Mines
 26588 | Orc:1    | Found a runed translucent gate.
 26588 | Orc:1    | Found a runed translucent gate.
 26592 | Orc:1    | Noticed timneilson's ghost (journeyman GrFi)
 26646 | Orc:1    | Found a runed translucent gate.
 27047 | Orc:2    | Entered Level 2 of the Orcish Mines
 27047 | Orc:2    | Found a staircase to the Elven Halls.
 27118 | Orc:1    | Reached skill level 9 in Fighting
 27403 | Orc:1    | Noticed Maurice
 27409 | Orc:1    | Killed Maurice
 27907 | Orc:2    | Reached skill level 10 in Fighting
 28103 | Orc:2    | Found Vujeduse's Antique Weapon Shoppe.
 28103 | Orc:2    | Found Jeagit's Jewellery Emporium.
 28106 | Orc:2    | Found Jiliwan's Weapon Emporium.
 28108 | Orc:2    | Found Testroseo's Armour Shoppe.
 28114 | Orc:2    | Bought the ring of Birdsong {rPois AC+4 SInv} for 616 gold
                  | pieces
 28889 | D:12     | Killed Kirke
 28929 | D:12     | Reached skill level 11 in Fighting
 28943 | D:12     | Noticed Urug
 29104 | D:12     | Killed Urug
 29808 | D:13     | Found a broken altar of Ashenzari.
 29810 | D:13     | Got the Handbook of Creative Fire
 30108 | D:13     | Reached skill level 12 in Fighting
 30152 | D:13     | Found the ring of the Hare {EV+8}
 30153 | D:13     | Identified the +8 long sword of Vaqiecla {vorpal, Str+2}
 30190 | D:13     | Identified the +5 broad axe of the Ten Knives {holy, *Slow
                  | rF+ Will++ Str+4}
 30775 | D:14     | Reached skill level 9 in Stealth
 30911 | D:14     | You fall into a shaft and drop 1 floor!
 30911 | D:15     | Entered Level 15 of the Dungeon
 30932 | D:15     | Reached skill level 9 in Dodging
 30942 | D:15     | Found a staircase to the Depths.
 31247 | D:15     | Gained mutation: You regenerate a lot of health from kills.
                  | [demonic ancestry]
 31247 | D:15     | Reached XP level 16. HP: 127/127 MP: 23/31
 31247 | D:15     | Gained mutation: Armour fits poorly on your strangely
                  | shaped body. [potion of mutation]
 31248 | D:15     | Lost mutation: Armour fits poorly on your strangely shaped
                  | body. [potion of mutation]
 31248 | D:15     | Gained mutation: You sometimes lose the ability to read
                  | scrolls when taking damage. [potion of mutation]
 31248 | D:15     | Gained mutation: Your natural rate of healing is unusually
                  | fast. [potion of mutation]
 31461 | D:14     | Found a gate to the Vaults.
 31494 | D:14     | Noticed Jorgrun
 31522 | D:14     | Killed Jorgrun
 31523 | D:14     | Reached skill level 10 in Stealth
 32127 | D:15     | Found Jadorgh's Armour Shoppe.
 32163 | D:15     | Reached skill level 10 in Dodging
 32681 | Lair:2   | Killed Nemul's ghost
 32841 | Spider:1 | Entered Level 1 of the Spider Nest
 32852 | Spider:1 | Noticed Aizul
 32888 | Spider:1 | Killed Aizul
 32893 | Spider:1 | Reached skill level 3 in Evocations
 32938 | Spider:1 | Noticed Josephine
 32951 | Spider:1 | Killed Josephine
 33351 | Swamp:1  | Entered Level 1 of the Swamp
 33351 | Swamp:1  | Identified Roxanne's Collected Works on Clay
 33351 | Swamp:1  | Noticed Roxanne
 33394 | Swamp:1  | Killed Roxanne
 33404 | Swamp:1  | Reached skill level 4 in Evocations
 33422 | Swamp:1  | Reached skill level 11 in Invocations
 34497 | Spider:2 | Reached skill level 5 in Evocations
 34508 | Spider:2 | Reached skill level 11 in Stealth
 34577 | Spider:2 | Reached skill level 13 in Fighting
 34860 | Spider:2 | Gained mutation: You are completely covered in sharp
                  | spines. [demonic ancestry]
 34860 | Spider:2 | Reached XP level 17. HP: 136/136 MP: 24/32
 34861 | Spider:2 | Reached skill level 12 in Spellcasting
 34972 | Spider:2 | Found a transporter.
 34996 | Spider:2 | Noticed Relobim's ghost (adept HOFi)
 34999 | Spider:2 | Found a transporter.
 35336 | Spider:3 | Upgraded the game from 0.28-a0-224-g76b539d98b to
                  | 0.28-a0-233-gb8ca4b6547
 35493 | Spider:3 | Found a runed translucent gate.
 35493 | Spider:3 | Found a runed translucent gate.
 35493 | Spider:3 | Found a runed translucent gate.
 35494 | Spider:3 | Noticed swinepaste's ghost (adept TeAE)
 35950 | Spider:3 | Reached skill level 14 in Fighting
 36632 | Spider:3 | Killed swinepaste's ghost
 36790 | Lair:3   | wear acid res
 36792 | Spider:1 | wear acid res
 36796 | Spider:1 | wear acid res!
 37683 | Swamp:2  | Found a shimmering altar of Xom.
 37753 | Swamp:2  | Noticed Spaninq's ghost (journeyman DsWr)
 37766 | Swamp:2  | Found a transporter.
 37790 | Swamp:2  | You fall into a shaft and drop 1 floor!
 37933 | Swamp:3  | Reached skill level 12 in Invocations
 38166 | Swamp:3  | Reached skill level 5 in Ice Magic
 38179 | Swamp:3  | Reached skill level 15 in Fighting
 38331 | Swamp:3  | Acquired a book of Debilitation
 38337 | Swamp:3  | Learned a level 3 spell: Confusing Touch
 38342 | Swamp:3  | Learned a level 4 spell: Fulminant Prism
 38346 | Swamp:3  | Learned a level 3 spell: Frozen Ramparts
 38439 | Swamp:3  | Learned a level 5 spell: Silence
 38443 | Swamp:3  | Learned a level 3 spell: Inner Flame
 38446 | Swamp:3  | Learned a level 2 spell: Passwall
 38460 | Swamp:4  | Entered Level 4 of the Swamp
 38576 | Swamp:4  | Reached skill level 3 in Air Magic
 38622 | Swamp:4  | Reached XP level 18. HP: 149/149 MP: 17/34
 38623 | Swamp:4  | Reached skill level 13 in Spellcasting
 38623 | Swamp:4  | Found the +7 Spriggan's Knife {stab, EV+4 Stlth+}
 38627 | Swamp:4  | Reached skill level 4 in Air Magic
 38652 | Swamp:4  | Noticed Bai Suzhen
 38683 | Swamp:4  | Killed Bai Suzhen
 38714 | Swamp:4  | Got a decaying rune of Zot
 38852 | Swamp:4  | Reached skill level 12 in Hexes
 39244 | Spider:4 | Entered Level 4 of the Spider Nest
 39250 | Spider:4 | Noticed Nikola
 39271 | Spider:4 | Killed Nikola
 39465 | Spider:4 | Reached skill level 13 in Hexes
 39917 | Spider:4 | Reached skill level 14 in Hexes
 40067 | Spider:4 | Got a gossamer rune of Zot
 40706 | Vaults:1 | Entered Level 1 of the Vaults
 40910 | Vaults:1 | Identified the +0 dagger of Ru's Supremacy {freeze, rElec
                  | rPois Int+2 Stlth+}
 40945 | Vaults:1 | Reached skill level 15 in Hexes
 41070 | Vaults:1 | Noticed a golden dragon
 41080 | Vaults:1 | Reached skill level 1 in Translocations
 41080 | Vaults:1 | Reached skill level 1 in Earth Magic
 41096 | Vaults:1 | Killed a golden dragon
 41099 | Vaults:1 | Found Odwoph's Armour Shop.
 41099 | Vaults:1 | Found Jat Lomp's Book Shop.
 41179 | Vaults:1 | Found Waepha's Jewellery Shop.
 41392 | Vaults:1 | Reached skill level 4 in Conjurations
 41496 | Vaults:1 | Reached XP level 19. HP: 155/155 MP: 15/36
 41503 | Vaults:1 | Reached skill level 5 in Air Magic
 41755 | Vaults:1 | Reached skill level 5 in Conjurations
 42029 | Vaults:1 | You fall into a shaft and drop 1 floor!
 42046 | Vaults:2 | Noticed Saint Roka
 42073 | Vaults:2 | Killed Saint Roka
 42074 | Vaults:2 | Reached skill level 13 in Invocations
 42217 | Vaults:2 | Reached skill level 12 in Stealth
 42608 | Vaults:2 | Found a staircase to the Crypt.
 42627 | Vaults:2 | Reached skill level 13 in Stealth
 42887 | Vaults:1 | Learned a level 2 spell: Blink
 43374 | Vaults:2 | Reached skill level 2 in Translocations
 43392 | Vaults:2 | Reached skill level 6 in Armour
 43415 | Vaults:2 | Acquired 351 gold pieces
 43457 | Vaults:2 | Learned a level 3 spell: Tukima's Dance
 43703 | Vaults:3 | Reached skill level 6 in Conjurations
 43750 | Vaults:3 | Noticed Mennas
 43774 | Vaults:3 | Killed Mennas
 43953 | Vaults:3 | Reached skill level 11 in Dodging
 44065 | Vaults:3 | Reached skill level 7 in Armour
 44178 | Vaults:3 | Reached skill level 7 in Conjurations
 44297 | Vaults:3 | Found Lifrinyran's Book Shoppe.
 44303 | Vaults:3 | Gained mutation: You have claws for feet. [demonic
                  | ancestry]
 44303 | Vaults:3 | Reached XP level 20. HP: 162/162 MP: 37/37
 44304 | Vaults:3 | Bought Great Wizards, Vol. II for 608 gold pieces
 44658 | Vaults:3 | Reached skill level 8 in Armour
 44863 | Vaults:4 | Noticed a golden dragon
 45020 | Vaults:4 | Reached skill level 12 in Dodging
 45494 | Vaults:4 | Killed a golden dragon
 45495 | Vaults:4 | Reached skill level 13 in Dodging
 45616 | Vaults:4 | Identified the +1 ring mail of Qazlal's Wrath {rF+ Int+4}
 46221 | Vaults:4 | Found Waongoul's General Store.
 46229 | Vaults:4 | Bought a potion of heal wounds for 100 gold pieces
 46229 | Vaults:4 | Bought a potion of berserk rage for 100 gold pieces
 46229 | Vaults:4 | Bought a scroll of silence for 150 gold pieces
 46753 | D:11     | Bought a potion of mutation for 96 gold pieces
 46753 | D:11     | Bought a potion of mutation for 96 gold pieces
 46906 | D:6      | Bought 2 potions of curing for 150 gold pieces
 46945 | D:6      | Bought a scroll of teleportation for 81 gold pieces
 46945 | D:6      | Bought a small opal ring for 135 gold pieces
 46996 | D:4      | Bought a scroll of summoning for 104 gold pieces
 46996 | D:4      | Bought a scroll of teleportation for 33 gold pieces
 46996 | D:4      | Bought a scroll of fog for 22 gold pieces
 46996 | D:4      | Bought a scroll of enchant armour for 82 gold pieces
 46996 | D:4      | Bought a scroll of magic mapping for 38 gold pieces
 46996 | D:4      | Bought a scroll of blinking for 82 gold pieces
 47395 | Swamp:2  | Found a transporter.
 47481 | Swamp:2  | Reached skill level 14 in Dodging
 47598 | Swamp:1  | Identified the +2 rapier of Suprethri {vorpal, rCorr Str-2
                  | SInv Stlth+}
 47834 | Swamp:2  | Killed Spaninq's ghost
 47843 | Swamp:2  | Identified the ring "Odiriod" {rC+ rCorr MP+9 Str-4 Int+3}
 48101 | Depths:1 | Entered Level 1 of the Depths
 48126 | Depths:1 | Found a one-way gate to the infinite horrors of the Abyss.
 48238 | Depths:1 | Reached skill level 14 in Spellcasting
 48584 | Depths:1 | Reached XP level 21. HP: 160/168 MP: 14/39
 48791 | Depths:1 | Found an iron altar of Okawaru.
 49000 | Depths:1 | Found a gateway to Hell.
 49000 | Depths:1 | Noticed Margery
 49006 | Depths:1 | Reached skill level 14 in Stealth
 49010 | Depths:1 | Killed Margery
 51206 | Depths:2 | Reached skill level 15 in Stealth
 51310 | Depths:2 | Reached skill level 9 in Armour
 52299 | Depths:3 | Reached skill level 10 in Armour
 52393 | Depths:3 | Found a stormy altar of Qazlal.
 52750 | Depths:3 | Reached skill level 11 in Armour
 52825 | Depths:3 | Found a one-way gate leading to the halls of Pandemonium.
 52865 | Depths:3 | Found Inkufoy's Jewellery Boutique.
 52867 | Depths:3 | Found Lage's Book Shoppe.
 52868 | Depths:3 | Found Jus Zuoph's Jewellery Boutique.
 52879 | Depths:3 | Bought a book of Party Tricks for 450 gold pieces
 52879 | Depths:3 | Bought a book of Blasting for 480 gold pieces
 52879 | Depths:3 | Bought Great Wizards, Vol. VII for 450 gold pieces
 52879 | Depths:3 | Bought the Guide on the Destructive Frostbite for 450 gold
                  | pieces
 52955 | Depths:3 | Noticed a caustic shrike
 52963 | Depths:3 | Killed a caustic shrike
 53005 | Depths:3 | Noticed a golden dragon
 53025 | Depths:3 | Killed a golden dragon
 53028 | Depths:3 | Noticed a golden dragon
 53142 | Depths:3 | Killed a golden dragon
 53143 | Depths:3 | Reached skill level 8 in Conjurations
 53143 | Depths:3 | Reached skill level 6 in Transmutations
 53304 | Depths:3 | Noticed a juggernaut
 53314 | Depths:3 | Noticed a juggernaut
 53320 | Depths:3 | Killed a juggernaut
 53324 | Depths:3 | a juggernaut changed into an acid blob
 53339 | Depths:3 | Reached skill level 7 in Transmutations
 53399 | Depths:3 | Noticed a golden dragon
 53434 | Depths:3 | Killed a golden dragon
 53435 | Depths:3 | Reached skill level 9 in Conjurations
 53435 | Depths:3 | Gained mutation: You punish those that try to bend your
                  | will. (Will+) [demonic ancestry]
 53435 | Depths:3 | Reached XP level 22. HP: 175/175 MP: 40/40
 53441 | Depths:3 | Noticed a golden dragon
 53458 | Depths:3 | Killed a golden dragon
 53555 | Depths:3 | Identified the +6 arbalest of the Warrior {penet, rF+ MP+9
                  | Int+4 Dex-4}
 53743 | Depths:4 | Learned a level 6 spell: Invisibility
 53756 | Depths:4 | Reached skill level 8 in Transmutations
 53758 | Depths:4 | Noticed a golden dragon
 53774 | Depths:4 | Reached skill level 10 in Conjurations
 53778 | Depths:4 | Killed a golden dragon
 53905 | Depths:4 | Noticed a golden dragon
 53905 | Depths:4 | Noticed a golden dragon
 53939 | Depths:4 | Killed a golden dragon
 53940 | Depths:4 | Reached skill level 9 in Transmutations
 53988 | Depths:4 | Noticed a golden dragon
 54014 | Depths:4 | Killed a golden dragon
 54015 | Depths:4 | Reached skill level 10 in Transmutations
 54355 | Depths:4 | Noticed a golden dragon
 54369 | Depths:4 | Killed a golden dragon
 54370 | Depths:4 | Reached skill level 16 in Stealth
 54620 | Depths:4 | Noticed a golden dragon
 54656 | Depths:4 | Killed a golden dragon
 54818 | Depths:4 | Reached skill level 17 in Stealth
 54899 | Depths:4 | Noticed a golden dragon
 54936 | Depths:3 | Acquired the amulet "Zoxitaps" {Faith rElec rF++ Regen+
                  | SInv}
 55013 | Depths:4 | Killed a golden dragon
 55029 | Depths:4 | Reached XP level 23. HP: 181/181 MP: 30/41
 55335 | Depths:4 | Found a shimmering altar of Xom.
 55336 | Depths:4 | Found a broken altar of Ashenzari.
 55560 | Depths:4 | Reached skill level 18 in Stealth
 55630 | Depths:4 | Identified the +5 hand axe of Xaol {flame, *Slow Fragile
                  | rF+++ Int+4}
 55804 | Depths:5 | Entered Level 5 of the Depths
 55876 | Depths:5 | Found a gateway to a ziggurat.
 55879 | Depths:5 | Noticed Xtahua
 56043 | Depths:5 | Upgraded the game from 0.28-a0-233-gb8ca4b6547 to
                  | 0.28-a0-239-g68911e0c57
 56234 | Depths:5 | Reached skill level 1 in Throwing
 56303 | Depths:5 | Found Budoharo's Book Boutique.
 56632 | Vaults:1 | Bought Ozocubu's Autobiography for 336 gold pieces
 57111 | Depths:5 | Killed Xtahua
 57112 | Depths:5 | Reached skill level 2 in Throwing
 57404 | Depths:5 | Found a gate to the Realm of Zot.
 57749 | Elf:1    | Entered Level 1 of the Elven Halls
 58267 | Elf:1    | Found a runed translucent gate.
 58268 | Elf:1    | Found a runed translucent gate.
 58268 | Elf:1    | Found an opulent altar of Gozag.
 58269 | Elf:1    | Found a runed translucent gate.
 58331 | Elf:1    | Found Veolos Enke's Assorted Antiques.
 58331 | Elf:1    | Noticed gowby's ghost (adept BaIE)
 58852 | Elf:2    | Found Wimarphym's Distillery.
 58856 | Elf:2    | Found Onuy's Jewellery Emporium.
 58857 | Elf:2    | Found Kohuf's Magic Scroll Emporium.
 58864 | Elf:2    | Found Vuan Maz's Magic Scroll Emporium.
 58909 | Elf:2    | Bought a scroll of acquirement for 988 gold pieces
 58909 | Elf:2    | Acquired 1243 gold pieces
 58914 | Elf:2    | Bought a potion of curing for 57 gold pieces
 58914 | Elf:2    | Bought a potion of might for 76 gold pieces
 58914 | Elf:2    | Bought 2 potions of heal wounds for 190 gold pieces
 58914 | Elf:2    | Bought a potion of might for 76 gold pieces
 58914 | Elf:2    | Bought a potion of might for 76 gold pieces
 58914 | Elf:2    | Bought 2 potions of attraction for 114 gold pieces
 58914 | Elf:2    | Bought a potion of attraction for 57 gold pieces
 58914 | Elf:2    | Bought a potion of brilliance for 76 gold pieces
 58917 | Elf:2    | Bought a scroll of teleportation for 57 gold pieces
 58917 | Elf:2    | Bought a scroll of fear for 66 gold pieces
 58920 | Elf:2    | Bought a scroll of teleportation for 39 gold pieces
 58920 | Elf:2    | Bought a scroll of teleportation for 39 gold pieces
 58920 | Elf:2    | Bought a scroll of teleportation for 39 gold pieces
 58920 | Elf:2    | Bought a scroll of teleportation for 39 gold pieces
 58920 | Elf:2    | Bought a scroll of fear for 45 gold pieces
 58946 | Elf:2    | Found a runed translucent gate.
 58946 | Elf:2    | Found a runed translucent gate.
 58957 | Elf:2    | Reached skill level 11 in Conjurations
 58971 | Elf:2    | Found a runed translucent gate.
 59066 | Elf:2    | Found a runed translucent door.
 59071 | Elf:2    | Noticed Xihoome's ghost (veteran MiGl)
 59413 | Elf:2    | Killed Xihoome's ghost
 59516 | Elf:2    | Reached skill level 11 in Transmutations
 60008 | Elf:3    | Entered Level 3 of the Elven Halls
 60015 | Elf:3    | Gained mutation: You are resistant to unholy torment.
                  | [demonic ancestry]
 60015 | Elf:3    | Reached XP level 24. HP: 175/188 MP: 32/41
 60038 | Elf:3    | Reached skill level 16 in Hexes
 60080 | Elf:3    | Found a frozen archway.
 60233 | IceCv    | Entered an ice cave
 60316 | IceCv    | Reached skill level 15 in Spellcasting
 60653 | Elf:3    | Paralysed by an air elemental for 1 turns
 60741 | Elf:3    | Reached skill level 12 in Conjurations
 60957 | Elf:3    | Found a shimmering blue altar of Sif Muna.
 62328 | Elf:3    | Identified the +1 ring mail of the Depths {Will- Int+6
                  | Dex+7}
 62346 | Elf:3    | Identified the +0 pair of boots of the Kettle-Drum {rF+}
 62415 | Elf:3    | Identified the +2 ring mail of Hepliaklqana {rPois Will+}
 62465 | Elf:3    | Identified the +1 robe "Hiloyxe" {Rampage Fly rCorr SInv}
 62513 | Elf:3    | Identified the +8 glaive of Bodily Humours {vorpal, rN+
                  | Str+3}
 62909 | Elf:2    | Learned a level 5 spell: Irradiate
 63733 | Elf:3    | Found a shimmering blue altar of Sif Muna.
 64461 | Depths:1 | Voluntarily entered the Abyss.
 64806 | Abyss:1  | Reached skill level 12 in Transmutations
 65152 | Depths:1 | Escaped the Abyss
 65159 | Depths:1 | Learned a level 5 spell: Summon Mana Viper
 65330 | Orc:1    | Killed timneilson's ghost
 65446 | Elf:1    | Paralysed by an air elemental for 1 turns
 65486 | Elf:1    | Killed gowby's ghost
 65761 | D:15     | Bought a +2 buckler of reflection for 296 gold pieces
 66140 | Elf:1    | Bought a dazzling hand crossbow for 195 gold pieces
 66140 | Elf:1    | Identified the +5 hand crossbow of Ifixucw {venom, Will+}
                  | (You bought it in a shop on level 1 of the Elven Halls)
 66830 | Spider:2 | Killed Relobim's ghost
 66831 | Spider:2 | Reached skill level 1 in Shields
 67197 | Depths:1 | Voluntarily entered the Abyss.
 67202 | Abyss:1  | Got Kepighegh's Tome of Toxic Clay
 67311 | Abyss:1  | Reached skill level 2 in Shields
 67404 | Abyss:1  | Reached skill level 3 in Shields
 67439 | Abyss:1  | Reached skill level 4 in Shields
 67634 | Abyss:1  | Noticed an ancient lich
 67663 | Abyss:1  | Killed an ancient lich
 67664 | Abyss:1  | Reached skill level 1 in Summonings
 67741 | Abyss:1  | Found a shimmering blue altar of Sif Muna.
 68340 | Abyss:2  | Found an iron altar of Okawaru.
 68492 | Abyss:2  | Reached XP level 25. HP: 194/194 MP: 37/42
 68568 | Abyss:2  | Identified the +1 leather armour of Starshine {Contam rN+++
                  | MP-9 Stlth+}
 68710 | Abyss:2  | Paralysed by you for 7 turns
 68751 | Abyss:2  | Found a snail-covered altar of Cheibriados.
 68893 | Abyss:3  | Reached skill level 13 in Conjurations
 68905 | Abyss:3  | Got an abyssal rune of Zot
 68938 | Abyss:3  | Found a corrupted altar of Lugonu.
 69330 | Abyss:3  | Reached skill level 17 in Hexes
 69388 | Depths:1 | Escaped the Abyss
 69645 | Slime:1  | Entered Level 1 of the Pits of Slime
 69675 | Slime:2  | Reached skill level 19 in Stealth
 69871 | Slime:5  | Entered Level 5 of the Pits of Slime
 69902 | Slime:5  | Found a viscous altar of Jiyva.
 69902 | Slime:5  | Noticed the Royal Jelly
 69921 | Slime:5  | Killed the Royal Jelly
 69922 | Slime:5  | Reached skill level 13 in Transmutations
 69924 | Slime:5  | Lost mutation: You sometimes lose the ability to read
                  | scrolls when taking damage. [a shining eye]
 69947 | Slime:5  | Reached skill level 15 in Dodging
 69959 | Slime:5  | Noticed Dissolution
 69961 | Slime:5  | Killed Dissolution
 69980 | Slime:5  | Got a slimy rune of Zot
 69981 | Slime:5  | Identified the +1 ring mail of the Tuna {Str+2}
 69995 | Slime:5  | Identified the ring of the Good {rElec Will+ EV+4 Str+3
                  | Int-2}
 70045 | Slime:5  | Got Owke's Compendium of Cankerous Snow
 70182 | Slime:5  | Identified the ring of Meurghete {rPois rF+ SInv}
 70187 | Slime:5  | Identified the +10 morningstar "Fupeopic" {vamp, *Corrode
                  | Str+8 Int-2 Dex+2}
 70196 | Slime:5  | Identified the +4 chain mail of the Moon {Dex+2}
 70742 | Vaults:5 | Entered Level 5 of the Vaults
 70809 | Vaults:5 | Reached skill level 14 in Conjurations
 70936 | Vaults:5 | Reached skill level 18 in Hexes
 70962 | Vaults:5 | Reached skill level 14 in Transmutations
 70970 | Vaults:5 | Reached XP level 26. HP: 175/201 MP: 18/42
 71026 | Vaults:5 | Reached skill level 15 in Conjurations
 71534 | Vaults:5 | Identified the amulet of Tomorrow {Spirit -Tele Int+6
                  | Slay+4}
 71615 | Vaults:5 | Identified the +6 battleaxe "Kegobu" {venom, Int+7}
 71632 | Vaults:5 | Identified the +6 war axe of the Singing Rat {vorpal, rPois
                  | rC+ SInv}
 71641 | Vaults:5 | Identified the +9 falchion of Blood-Lust {vorpal, rElec rC+
                  | Dex+4}
 72232 | Vaults:5 | Reached skill level 15 in Transmutations
 72412 | Vaults:5 | Reached skill level 19 in Hexes
 72668 | Vaults:5 | Got a silver rune of Zot
 73503 | Elf:2    | Bought a scroll of magic mapping for 66 gold pieces
 73503 | Elf:2    | Bought a scroll of magic mapping for 66 gold pieces
 73503 | Elf:2    | Bought a scroll of magic mapping for 66 gold pieces
 73503 | Elf:2    | Bought a scroll of amnesia for 66 gold pieces
 73507 | Elf:2    | Bought a scroll of amnesia for 45 gold pieces
 73507 | Elf:2    | Bought a scroll of amnesia for 45 gold pieces
 73969 | Zot:1    | Entered Level 1 of the Realm of Zot
 74010 | Zot:1    | Reached skill level 16 in Conjurations
 74010 | Zot:1    | Reached skill level 2 in Summonings
 74026 | Zot:1    | You fall into a shaft and drop 1 floor!
 74572 | Zot:1    | Gained mutation: You can hurl damnation. [demonic ancestry]
 74572 | Zot:1    | Reached XP level 27. HP: 207/207 MP: 42/42
 75060 | Zot:2    | Reached skill level 14 in Invocations
 75650 | Zot:4    | Identified the +6 scimitar of Virtue {flame, Will++ Int-3
                  | Dex+5}
 76043 | Zot:4    | Identified the +6 hunting sling of Etele {freeze, Dex+3}
 76366 | Zot:3    | Reached skill level 16 in Transmutations
 76372 | Zot:3    | Reached skill level 15 in Invocations
 76886 | Zot:2    | Reached skill level 17 in Conjurations
 77213 | Zot:2    | Identified the ring "Ovvih" {rElec rPois Stlth+}
 78144 | Zot:3    | Reached skill level 20 in Hexes
 78530 | Hell     | Entered the Vestibule of Hell
 78530 | Hell     | Noticed Geryon
 78538 | Hell     | Killed Geryon
 78544 | Hell     | Reached skill level 20 in Stealth
 78629 | Hell     | Reached skill level 9 in Short Blades
 78637 | Hell     | Found a gateway to the ashen valley of Gehenna.
 78872 | Hell     | Reached skill level 16 in Invocations
 78878 | Hell     | Reached skill level 5 in Shields
 78878 | Hell     | Found a gateway to the decaying netherworld of Tartarus.
 79044 | Hell     | Found a gateway to the freezing wastes of Cocytus.
 79168 | Hell     | Reached skill level 3 in Translocations
 79217 | Hell     | Found a gateway to the Iron City of Dis.
 79476 | Geh:1    | Entered Level 1 of Gehenna
 79690 | D:15     | Bought the +4 ring mail of Negligence {Rampage rN+} for 563
                  | gold pieces
 79800 | Vaults:1 | Bought the Handbook of Unstable Ignition for 392 gold
                  | pieces
 79800 | Vaults:1 | Bought a manual of Axes for 1120 gold pieces
 79869 | Vaults:3 | Bought a manual of Axes for 1280 gold pieces
 79869 | Vaults:3 | Bought a Necronomicon for 896 gold pieces
 79869 | Vaults:3 | Bought a book of Sloth for 576 gold pieces
 80056 | D:11     | Bought a book of Changes for 216 gold pieces
 80297 | Depths:3 | Bought a book of Armaments for 540 gold pieces
 80446 | Geh:1    | Learned a level 5 spell: Yara's Violent Unravelling
 80495 | Geh:1    | Reached skill level 1 in Axes
 80551 | Geh:1    | Reached skill level 2 in Axes
 80552 | Geh:1    | Gained mutation: You are dopey. (Int -2) [you]
 80561 | Geh:1    | Reached skill level 6 in Shields
 80649 | Geh:1    | Reached skill level 16 in Spellcasting
 80701 | Geh:1    | Reached skill level 3 in Axes
 81097 | Geh:4    | Reached skill level 4 in Axes
 81249 | Geh:7    | Entered Level 7 of Gehenna
 81249 | Geh:7    | Found the +7 sceptre of Asmodeus
 81249 | Geh:7    | Noticed Asmodeus
 81250 | Geh:7    | Identified the ring "Couphanid" {Ice Str+2 Dex-5 Stlth+}
 81254 | Geh:7    | Killed Asmodeus
 81255 | Geh:7    | Reached skill level 5 in Axes
 81255 | Geh:7    | Reached skill level 17 in Invocations
 81257 | Geh:7    | Reached skill level 17 in Transmutations
 81264 | Geh:7    | Identified the +1 robe "Hicuqoe" {rF+}
 81266 | Geh:7    | Got an obsidian rune of Zot
 81267 | Geh:7    | Identified the amulet of Guiwi {Reflect rCorr Str-2 Int+7
                  | SH+5}
 81274 | Geh:7    | Identified the +5 morningstar of Absolution {speed, rF+
                  | rC+++ rN+ Int-5}
 81348 | Geh:7    | Reached skill level 7 in Shields
 81352 | Geh:7    | Reached skill level 18 in Conjurations
 81439 | Geh:7    | Reached skill level 6 in Axes
 81747 | Geh:7    | Reached skill level 7 in Axes
 82035 | Geh:7    | Reached skill level 8 in Shields
 82257 | Geh:7    | Reached skill level 8 in Axes
 82591 | Depths:3 | Bought the ring "Jujefa" {Ice Will+ Slay+3 SInv} for 1033
                  | gold pieces
 82765 | Coc:1    | Entered Level 1 of Cocytus
 83541 | Coc:6    | Reached skill level 9 in Shields
 83542 | Coc:6    | Reached skill level 21 in Stealth
 83556 | Coc:6    | Reached skill level 10 in Shields
 83595 | Coc:7    | Entered Level 7 of Cocytus
 83648 | Coc:7    | Found the +5 demon whip "Spellbinder" {antimagic, Will+}
 83651 | Coc:7    | Identified the ring of Olute {Wiz rN+ Slay+3}
 83690 | Coc:7    | Identified the +5 hand axe of the Apocalypse {vorpal, rF++
                  | Int-3 Stlth+}
 83757 | Coc:7    | Reached skill level 11 in Shields
 83814 | Coc:7    | HP: 47/207 [reaper (25)]
 83819 | Coc:7    | HP: 44/207 [poisoned by a reaper]
 83947 | Coc:7    | Identified the +6 plate armour of Atheism {rPois Slay+2}
 84130 | Coc:7    | Noticed Antaeus
 84138 | Coc:7    | Killed Antaeus
 84139 | Coc:7    | Reached skill level 22 in Stealth
 84139 | Coc:7    | Reached skill level 12 in Shields
 84151 | Coc:7    | Got an icy rune of Zot
 84762 | Crypt:1  | Entered Level 1 of the Crypt
 84867 | Crypt:3  | Entered Level 3 of the Crypt
 85066 | Crypt:3  | Reached skill level 3 in Summonings
 85245 | Crypt:3  | Reached skill level 4 in Translocations
 85441 | Crypt:3  | Reached skill level 13 in Shields
 85497 | Crypt:3  | Noticed an ancient lich
 85502 | Crypt:3  | Killed an ancient lich
 85510 | Crypt:3  | Identified the ring "Rucoag" {rF- rN+ Will+ Slay+2 SInv}
 85510 | Crypt:3  | Identified the ring "Xaunkiuf" {rN+ Str+4}
 85510 | Crypt:3  | Identified the ring of Kizyec {rN+ Str+6}
 85567 | Crypt:3  | Identified the amulet "Xetiok" {Spirit rN+ Dex+2}
 85951 | Dis:1    | Entered Level 1 of the Iron City of Dis
 86212 | Dis:5    | Reached skill level 14 in Shields
 86478 | Dis:6    | Reached skill level 15 in Shields
 86639 | Dis:7    | Entered Level 7 of the Iron City of Dis
 86804 | Dis:7    | Reached skill level 9 in Axes
 86877 | Dis:7    | Noticed the Serpent of Hell
 86880 | Dis:7    | Killed the Serpent of Hell
 86898 | Dis:7    | Reached skill level 10 in Axes
 87080 | Tar:1    | Entered Level 1 of Tartarus
 87408 | Tar:1    | Reached skill level 12 in Armour
 87652 | Tar:1    | Reached skill level 11 in Axes
 88013 | Tar:1    | Reached skill level 16 in Fighting
 88486 | Tar:6    | Reached skill level 16 in Dodging
 88493 | Tar:6    | Reached skill level 12 in Axes
 88592 | Tar:7    | Entered Level 7 of Tartarus
 88728 | Tar:7    | Identified the +7 great sword "Yrias" {elec, rF+ Will-
                  | Dex+2}
 88775 | Tar:7    | Identified the +8 hand crossbow of Integrity {elec, rC+
                  | Dex+2}
 89228 | Tar:7    | Noticed a dread lich
 89320 | Tar:7    | Killed a dread lich
 89321 | Tar:7    | Reached skill level 13 in Axes
 89321 | Tar:7    | Reached skill level 13 in Armour
 89435 | Tar:7    | Noticed Ereshkigal
 89441 | Tar:7    | Killed Ereshkigal
 89467 | Tar:7    | Got a bone rune of Zot
 90720 | Pan      | Entered Pandemonium
 90951 | Pan      | Reached skill level 17 in Fighting
 91012 | Pan      | Reached skill level 14 in Axes
 91255 | Pan      | Noticed Munuhaek the pandemonium lord
 91262 | Pan      | Got a demonic rune of Zot
 91482 | Pan      | Identified the -6 pair of gloves of Uqaxtiup {Str+2}
 91498 | Pan      | Noticed Wowkio the pandemonium lord
 91506 | Pan      | Killed Wowkio the pandemonium lord
 91507 | Pan      | Reached skill level 15 in Axes
 91660 | Pan      | Reached skill level 16 in Axes
 91915 | Pan      | Entered the realm of Cerebov.
 92263 | Pan      | Found the +6 sword of Cerebov {flame}
 92263 | Pan      | Noticed Cerebov
 92265 | Pan      | Reached skill level 5 in Translocations
 92273 | Pan      | Gained mutation: Potions are less effective at restoring
                  | your health. [you]
 92274 | Pan      | Killed Cerebov
 92275 | Pan      | Reached skill level 6 in Translocations
 92369 | Pan      | Reached skill level 7 in Translocations
 92403 | Pan      | Identified the amulet of Mutualism {RegenMP +Blink}
 92454 | Pan      | Identified the +4 chain mail "Badischai" {rElec rPois}
 92507 | Pan      | Identified the +7 ring mail of the Poles {rC+ Dex+2}
 92529 | Pan      | Got a fiery rune of Zot
 92583 | Pan      | Reached skill level 17 in Axes
 92600 | Pan      | Noticed Plog the pandemonium lord
 92602 | Pan      | Killed Plog the pandemonium lord
 92697 | Pan      | Reached skill level 18 in Invocations
 92749 | Pan      | Identified the +1 robe "Vatwank" {rCorr Slay+5}
 93090 | Pan      | Reached skill level 8 in Translocations
 93265 | Pan      | Reached skill level 19 in Invocations
 93381 | Pan      | Noticed Roupam the pandemonium lord
 93386 | Pan      | Killed Roupam the pandemonium lord
 93513 | Pan      | Entered the realm of Mnoleg.
 93515 | Pan      | Found an exit through the horrors of the Abyss.
 93515 | Pan      | Gained mutation: Armour fits poorly on your strangely
                  | shaped body. [a cacodemon]
 93520 | Pan      | Gained mutation: You are frail. (-10% HP) [a neqoxec]
 93530 | Pan      | Reached skill level 20 in Invocations
 93606 | Pan      | Lost mutation: Potions are less effective at restoring your
                  | health. [potion of mutation]
 93606 | Pan      | Lost mutation: You are frail. (-10% HP) [potion of
                  | mutation]
 93606 | Pan      | Lost mutation: You are dopey. (Int -2) [potion of mutation]
 93606 | Pan      | Gained mutation: You are dopey. (Int -2) [potion of
                  | mutation]
 93606 | Pan      | Lost mutation: You are dopey. (Int -2) [potion of mutation]
 93606 | Pan      | Gained mutation: Your skin changes colour to match your
                  | surroundings (Stealth+). [potion of mutation]
 93657 | Pan      | Gained mutation: You are weak. (Str -2) [a cacodemon]
 93716 | Pan      | Gained mutation: Your magical capacity is low. (-10% MP) [a
                  | cacodemon]
 93717 | Pan      | Gained mutation: You occasionally shout uncontrollably at
                  | your foes. [a cacodemon]
 93755 | Pan      | Gained mutation: You are dopey. (Int -2) [mutagenic glow]
 93763 | Pan      | Gained mutation: You are very weak. (Str -4) [a cacodemon]
 93845 | Pan      | Gained mutation: Your body sometimes deteriorates upon
                  | taking damage. [a cacodemon]
 93894 | Pan      | Noticed Mnoleg
 93899 | Pan      | Got a glowing rune of Zot
 93914 | Pan      | Gained mutation: Your body often deteriorates upon taking
                  | damage. [a cacodemon]
 93932 | Pan      | Entered the realm of Gloorx Vloq.
 93933 | Pan      | Lost mutation: Your magical capacity is low. (-10% MP)
                  | [potion of mutation]
 93933 | Pan      | Lost mutation: Your skin changes colour to match your
                  | surroundings (Stealth+). [potion of mutation]
 93933 | Pan      | Gained mutation: Your flesh is heat resistant. (rF+)
                  | [potion of mutation]
 93934 | Pan      | Lost mutation: You are very weak. (Str -4) [potion of
                  | mutation]
 93934 | Pan      | Lost mutation: You are dopey. (Int -2) [potion of mutation]
 93934 | Pan      | Gained mutation: You have supernaturally acute eyesight.
                  | (SInv) [potion of mutation]
 93934 | Pan      | Gained mutation: You are partially covered in large bone
                  | plates. (SH +4) [potion of mutation]
 93963 | Pan      | Found an exit through the horrors of the Abyss.
 93992 | Pan      | Reached skill level 18 in Axes
 94000 | Pan      | Reached skill level 21 in Invocations
 94556 | Pan      | Noticed Gloorx Vloq
 94560 | Pan      | Killed Gloorx Vloq
 94573 | Pan      | Reached skill level 17 in Dodging
 94768 | Pan      | Got a dark rune of Zot
 94938 | Pan      | Noticed Ypneisee the pandemonium lord
 94941 | Pan      | Killed Ypneisee the pandemonium lord
 94955 | Depths:3 | Escaped Pandemonium
 94956 | Depths:3 | maybe get manifold assault. maybe get OoD. maybe get
                  | ozo's.
 95283 | D:6      | Bought a +1 broad axe of electrocution for 255 gold pieces
 95626 | Geh:2    | Reached skill level 21 in Hexes
 95713 | Geh:4    | Gained mutation: Your magical capacity is low. (-10% MP)
                  | [mutagenic glow]
 96253 | Elf:2    | Bought a scroll of enchant weapon for 142 gold pieces
 96257 | Elf:2    | Bought a scroll of enchant weapon for 97 gold pieces
 97458 | D:6      | Bought 3 scrolls of enchant weapon for 270 gold pieces
 97461 | D:6      | Bought a scroll of enchant weapon for 90 gold pieces
 97461 | D:6      | Bought a scroll of enchant weapon for 90 gold pieces
 97490 | D:6      | Bought a scroll of amnesia for 87 gold pieces
 97499 | D:6      | Learned a level 5 spell: Manifold Assault
 97813 | Pan      | Entered Pandemonium
 97835 | Pan      | Noticed Uwukonit the pandemonium lord
 97844 | Pan      | Killed Uwukonit the pandemonium lord
 97845 | Pan      | Reached skill level 17 in Spellcasting
 97851 | Pan      | HP: 29/214 [hellion/damnation (31)]
 97880 | Pan      | Reached skill level 10 in Short Blades
 97894 | Pan      | Identified the +7 tower shield of Activism {Will+ SInv}
 97958 | Pan      | Reached skill level 3 in Throwing
 97970 | Pan      | Reached skill level 14 in Armour
 98225 | Pan      | Learned a level 8 spell: Discord
 98263 | Pan      | Reached skill level 4 in Throwing
 98522 | Pan      | Found an exit through the horrors of the Abyss.
 98935 | Pan      | Entered the realm of Lom Lobon.
 99127 | Pan      | Reached skill level 5 in Throwing
 99413 | Pan      | Noticed Lom Lobon
 99432 | Pan      | Killed Lom Lobon
 99537 | Pan      | Got a magical rune of Zot
 99721 | Pan      | Reached skill level 6 in Throwing
100303 | Pan      | Gained mutation: You are frail. (-10% HP) [a cacodemon]
100314 | Pan      | Reached skill level 15 in Armour
100335 | Pan      | Reached skill level 22 in Hexes
100336 | Pan      | Noticed Ewaucat the pandemonium lord
100339 | Pan      | Gained mutation: You are very frail. (-20% HP) [you]
100341 | Pan      | Killed Ewaucat the pandemonium lord
100656 | Pan      | Found an ancient bone altar of Kikubaaqudgha.
100751 | Pan      | Found an exit through the horrors of the Abyss.
100803 | Pan      | Took an exit into the Abyss.
100803 | Abyss:1  | Escaped into the Abyss
100908 | Abyss:1  | Found a corrupted altar of Lugonu.
101057 | Abyss:1  | Noticed an ancient lich
101080 | Abyss:1  | Killed an ancient lich
101083 | Depths:3 | Escaped the Abyss
101242 | Depths:4 | Lost mutation: You are very frail. (-20% HP) [potion of
                  | mutation]
101242 | Depths:4 | Lost mutation: Your natural rate of healing is unusually
                  | fast. [potion of mutation]
101243 | Depths:4 | Lost mutation: Your magical capacity is low. (-10% MP)
                  | [potion of mutation]
101243 | Depths:4 | Lost mutation: You are weak. (Str -2) [potion of mutation]
101243 | Depths:4 | Lost mutation: You occasionally shout uncontrollably at
                  | your foes. [potion of mutation]
101243 | Depths:4 | Lost mutation: Your body often deteriorates upon taking
                  | damage. [potion of mutation]
101243 | Depths:4 | Gained mutation: You are weak. (Str -2) [potion of
                  | mutation]
101243 | Depths:4 | Gained mutation: Your system is resistant to poisons.
                  | (rPois) [potion of mutation]
101484 | Dis:5    | Reached skill level 6 in Evocations
101523 | Dis:7    | Reached skill level 22 in Invocations
101590 | Dis:7    | Reached skill level 7 in Throwing
101674 | Dis:7    | Identified the ring of Vooplit {Str+6 Stlth+}
101703 | Dis:7    | Identified the +6 long sword "Zurad" {freeze, Will+ Int+4
                  | Dex+6}
101705 | Dis:7    | Identified the +0 scale mail of Masoetul {rPois Str+3
                  | Dex+6}
101896 | Dis:7    | Found the +4 staff of Dispater
101896 | Dis:7    | Noticed Dispater
101907 | Dis:7    | Killed Dispater
101916 | Dis:7    | Reached skill level 7 in Evocations
101955 | Dis:7    | Reached skill level 16 in Armour
102265 | Dis:7    | Reached skill level 18 in Dodging
102392 | Dis:7    | Got an iron rune of Zot
103247 | Crypt:3  | Found a staircase to the Tomb.
103259 | Crypt:3  | Reached skill level 16 in Shields
103317 | Tomb:1   | Entered Level 1 of the Tomb of the Ancients
103398 | Tomb:1   | Reached skill level 17 in Shields
103456 | Tomb:1   | Noticed a royal mummy
103467 | Tomb:1   | Noticed a royal mummy
103467 | Tomb:1   | Noticed a royal mummy
103473 | Tomb:1   | Killed a royal mummy
103474 | Tomb:1   | Killed a royal mummy
103475 | Tomb:1   | Reached skill level 18 in Shields
103475 | Tomb:1   | Killed a royal mummy
103818 | Tomb:2   | Noticed Boris
103818 | Tomb:2   | Noticed a royal mummy
103820 | Tomb:2   | Killed a royal mummy
103820 | Tomb:2   | Noticed a royal mummy
103824 | Tomb:2   | Killed a royal mummy
103828 | Tomb:2   | Noticed a royal mummy
103829 | Tomb:2   | Killed Boris
103832 | Tomb:2   | Noticed a royal mummy
103833 | Tomb:2   | Noticed a royal mummy
103834 | Tomb:2   | Killed a royal mummy
103836 | Tomb:2   | Killed a royal mummy
103842 | Tomb:2   | Killed a royal mummy
103843 | Tomb:2   | Reached skill level 23 in Hexes
104404 | Tomb:1   | Noticed a royal mummy
104406 | Tomb:1   | Killed a royal mummy
104450 | Tomb:1   | Noticed a royal mummy
104455 | Tomb:1   | Killed a royal mummy
104496 | Tomb:1   | Noticed a royal mummy
104508 | Tomb:1   | Killed a royal mummy
104514 | Tomb:1   | Noticed a royal mummy
104517 | Tomb:1   | Noticed a royal mummy
104517 | Tomb:1   | Noticed a royal mummy
104517 | Tomb:1   | Noticed a royal mummy
104517 | Tomb:1   | Noticed a royal mummy
104523 | Tomb:1   | Killed a royal mummy
104524 | Tomb:1   | Killed a royal mummy
104525 | Tomb:1   | Killed a royal mummy
104528 | Tomb:1   | Killed a royal mummy
104529 | Tomb:1   | Reached skill level 24 in Hexes
104530 | Tomb:1   | Killed a royal mummy
104761 | Tomb:3   | Entered Level 3 of the Tomb of the Ancients
104844 | Tomb:3   | Noticed a royal mummy
104853 | Tomb:3   | Killed a royal mummy
104853 | Tomb:3   | Noticed a royal mummy
104853 | Tomb:3   | Noticed a royal mummy
104860 | Tomb:3   | Reached skill level 25 in Hexes
104860 | Tomb:3   | Noticed a royal mummy
104867 | Tomb:3   | Killed a royal mummy
104952 | Tomb:3   | Noticed a royal mummy
104952 | Tomb:3   | Noticed a royal mummy
104957 | Tomb:3   | Identified the +1 robe of Omiubakk {rPois rC+ rN+}
104960 | Tomb:3   | Noticed a royal mummy
104962 | Tomb:3   | Noticed a royal mummy
104963 | Tomb:3   | Gained mutation: You are very weak. (Str -4) [mutagenic
                  | glow]
104971 | Tomb:3   | Gained mutation: Your body often deteriorates upon taking
                  | damage. [mutagenic glow]
104975 | Tomb:3   | Killed a royal mummy
104976 | Tomb:3   | Killed a royal mummy
104980 | Tomb:3   | Killed a royal mummy
104985 | Tomb:3   | Gained mutation: You sometimes lose the ability to read
                  | scrolls when taking damage. [mutagenic glow]
104992 | Tomb:3   | Killed a royal mummy
105006 | Tomb:3   | Killed a royal mummy
105007 | Tomb:3   | Killed a royal mummy
105179 | Tomb:3   | Noticed a royal mummy
105192 | Tomb:3   | Killed a royal mummy
105216 | Tomb:3   | Got a golden rune of Zot
105307 | Tomb:3   | Identified the amulet of Athran Coimop {Acrobat Fly Dex+8}
105336 | Tomb:3   | Identified the +11 mace of the World {vorpal, rElec rC++
                  | rCorr Str-5}
105523 | Tomb:3   | Identified the +7 war axe of Wrongful Imprisonment {vorpal,
                  | rN+}
105526 | Tomb:3   | Identified the ring of Enuniah {rF+ rN+ Str-3 Dex+6 SInv}
105533 | Tomb:3   | Identified the +7 spear of Dalar {drain, Dex+4}
105534 | Tomb:3   | Identified the +8 dagger "Grim Tooth" {vamp, rC++}
106343 | Zot:5    | Entered Level 5 of the Realm of Zot
106597 | Zot:5    | Gained mutation: You occasionally shout uncontrollably at
                  | your foes. [you]
106599 | Zot:5    | Reached skill level 26 in Hexes
106913 | Zot:5    | Noticed an ancient lich
106919 | Zot:5    | Killed an ancient lich
107078 | Zot:5    | Noticed an orb of fire
107090 | Zot:5    | Killed an orb of fire
107092 | Zot:5    | Noticed an ancient lich
107097 | Zot:5    | Killed an ancient lich
107098 | Zot:5    | Reached skill level 27 in Hexes
107109 | Zot:5    | Reached skill level 23 in Invocations
107165 | Zot:5    | Noticed an orb of fire
107166 | Zot:5    | Reached skill level 24 in Invocations
107169 | Zot:5    | Killed an orb of fire
107199 | Zot:5    | Noticed a dread lich
107216 | Zot:5    | Killed a dread lich
107217 | Zot:5    | Reached skill level 25 in Invocations
107377 | Zot:5    | Got the Orb of Zot
107791 | D:11     | Noticed Kyvot the pandemonium lord
107791 | D:11     | Noticed an ancient lich
107797 | D:11     | Gained mutation: You are occasionally teleported next to
                  | monsters. [you]
107806 | D:11     | Killed an ancient lich
107807 | D:11     | Killed Kyvot the pandemonium lord
107808 | D:11     | Reached skill level 26 in Invocations
107833 | D:10     | Gained mutation: You are very frail. (-20% HP) [a neqoxec]
107837 | D:9      | Lost mutation: Your body often deteriorates upon taking
                  | damage. [potion of mutation]
107837 | D:9      | Lost mutation: Your body sometimes deteriorates upon taking
                  | damage. [potion of mutation]
107837 | D:9      | Lost mutation: You sometimes lose the ability to read
                  | scrolls when taking damage. [potion of mutation]
107837 | D:9      | Lost mutation: You are very weak. (Str -4) [potion of
                  | mutation]
108036 | D:$      | Escaped with the Orb!

Illustrated notes ░......░░░ ░░░░.░░.....░ ░░░ ░░.......░░░░░░░P░.░.......░ ..░ ░............░..░░......░.. .░░ ░..........^............░░░ .░ ░░..░..^..^^.....░.....░░ ░ .░ ░.░.░.^.^..^^^^..░.....░ ░░ .░░░ ░░░░░.^..^.^.....░░...░░░░. ...░ ░.░.^..^..^^^^░░░...░░... ..░░ ░░...^^.@^.^..░░░....P... PP░ ░....^^^^^..^^........... ..░ ░░...^^.^^^^^^..P.░...... ░.░░ ░.....^.^.^.....░░░...... ░..░░░ ░...^.[...^^^[..░ ░░..... ░....░░ ░..=..^^[^......░░░...... .░....░░░░..........<...P░░░...>. .....░).░░..............░░ ░░.... .........[.............░░ ░░░░░ Turn 36790 on Lair:3: wear acid res ░..░░░░░░ ..░░.░░ ░.....░░ ..░..░.░░░░░░░░░░░ .░░.░.░.....░░..^░░░ ░░░............>...░ ░.░.^░.░░░░░..░░░..░ ...░░░......[░.░...░ .░...░.░.░.░....@.░░ ░░░.....░...░.░.░.^░ ░░.░....░░.░.^^.░░ ░...░..░..░..░░░ ░..░░░..░....░ ░░░...░.░░..░░ ░..░...░░░░░ ░.....^░░ ░░░...░░..░ Turn 36792 on Spider:1: wear acid res ░..░░░░░░ ..░░.░░ ░.....░░ ..░..░.░░░░░░░░░░░ .░░.░.░.....░░..^░░░ ░░░............>...░ ░.░.^░.░░░░░..░░░..░ ...░░░......[░.░...░ .░...░.░.░.░....@.░░ ░░░.....░...░.░.░.^░ ░░.░....░░.░.^^.░░ ░...░..░..░..░░░ ░..░░░..░....░ ░░░...░.░░..░░ ░..░...░░░░░ ░.....^░░ ░░░...░░..░ Turn 36796 on Spider:1: wear acid res!

..░...[.................░
░..░░..
..(....)................░
░░░....
░.............░░░░░░░░░░░
░░.░░ )(....░░░░░░░.░░
♣♣♣♣∩♣♣ .░░..░░ ░..░
♣...... .░░.░░░░ ░░.░░
♣...⌠.. ../....░░ ░..░
♣)∩...∩ ...░░░..░ ░░.░░
♣♣..∩.. ...░ ░░.░ ░.@░░
♣♣...♣ ...░ ░.░░ ░░..░░
♣♣♣♣♣
.░.░░░░..░░░░░░░...░░
~~≈~≈≈~≈~≈≈≈≈≈≈≈~~~.░
▓▓▓▓▓▓▓▓▓▓▓▓▓▓▓▓▓▓≈.░
.................▓≈.░
...........[.....▓~.░
▓▓▓▓▓▓▓▓▓▓▓▓▓▓▓..▓~.░ ░
..............▓..▓~.░ ░


Turn 94956 on Depths:3: maybe get manifold assault. maybe get OoD. maybe get
ozo's.

Levels and vault maps discovered:
D:1:      heliophobic_arrival_enchanted_forest, layout_loops_cross
D:2:      minmay_general_purpose_star, layout_basic, minmay_worlds_worst_comb,
          uniq_sigmund
D:3:      layout_basic, nicolae_overflow_crystal_walls,
          ebering_ecumenical_altar_rust, uniq_terence
D:4:      layout_basic, minmay_temple_entry_antechambers,
          gammafunk_ghost_cemetery, serial_shops, nicolae_shop_behind_doors,
          shop, shop, shop
D:5:      layout_cave_pools, mainiacjoe_overflow_alcove_1
D:6:      kennysheep_steamy, layout_loops_ring, makhleb_heckhound_becter,
          serial_shops, shop, nicolae_shop_trees, shop, shop_coins,
          kennysheep_mini_moat, nrook_loot_triangle, minivault_5,
          minmay_misc_feat_diagonals, hellmonk_bongcloud_opening,
          uniq_eustachio, uniq_crazy_yiuf_cottage
D:7:      layout_basic
D:8:      gammafunk_beogh_shrine, layout_rooms, tgw_fedhas, david_lair_shrubbed,
          guppyfry_early_elven_hall, uniq_harold
D:9:      minmay_skewed_foursquare, layout_loops_ring,
          lemuel_zombie_altar_yredelemnul,
          nzn_overflow_gifts_of_might_and_magic,
          lemuel_mausoleum_altar_kikubaaqudgha
D:10:     minmay_klotski, layout_rooms, marbit_many_paths,
          nicolae_elyvilon_temple_path, david_orc_5, serial_park_tiny_pond
D:11:     layout_loops_corners, nicolae_transmutations_shop, uniq_sonja,
          uniq_snorg, uniq_fannar
D:12:     layout_loops_cross, uniq_urug, uniq_azrael, uniq_kirke
D:13:     minmay_the_grid_triangle_9x9_recursive_2_mashed
          [minmay_the_grid_triangle_9x9_prize_center,
          minmay_the_grid_triangle_9x9_sprig,
          minmay_the_grid_triangle_9x9_pentomino_pain,
          minmay_the_grid_triangle_9x9_odd_lines], layout_cave_pools,
          nicolae_ashenzari_panopticon
D:14:     layout_cave_pools, david_vaults_1, serial_column_ruins,
          column_ruins_hut_ruined, column_ruins_grid_1,
          column_ruins_columns_corner, column_ruins_corridor_T,
          column_ruins_grid_3, uniq_jorgrun
D:15:     gammafunk_enter_depths_forms, layout_rooms, minmay_misc_feat_rows,
          serial_shops, shop, serial_curves, eino_curves_03, eino_curves_03,
          chequers_serial_rivers_small_a
Temple:   nicolae_temple_no_exploring_needed
Lair:1:   layout_misc_corridors, grunt_megastairs_2, uniq_nergalle
Lair:2:   layout_loops_ring, maelrawn_ghost_gauntlet_escape,
          nicolae_volcano_entry_two_sided
Lair:3:   layout_cave_pods, spider_nest_entry_web_field, basic_altar
Lair:4:   layout_regular_city, skrybe_swamp_entry_bodies
Lair:5:   layout_layer_cave
Lair:6:   hangedman_lair_in_review, layout_cave_pods, wormcave, slime_altar_1
Swamp:1:  nicolae_swamp_secret_spriggan_hideout, layout_basic_swamp,
          evilmike_swamp_ruin_house_4, swamp_pool1, uniq_roxanne
Swamp:2:  layout_falls_marsh, gammafunk_ghost_arena, basic_altar,
          infiniplex_staircase_pool
Swamp:3:  nicolae_swamp_ascending_descending_big, layout_basic_swamp,
          evilmike_swamp_ruin_house_2
Swamp:4:  swamp, layout_basic_swamp, uniq_bai_suzhen
Spider:1: layout_spider_delve, nicolae_crawler_farm, uniq_josephine, uniq_aizul
Spider:2: layout_spider_delve, gammafunk_ghost_arena,
          nicolae_spider_scorpion_nest
Spider:3: layout_spider_delve, ebering_ghost_rock_garden
Spider:4: grunt_spider_rune_circles, hangedman_spider_tarantella_strand,
          uniq_nikola
Slime:1:  layout_caves
Slime:2:  layout_caves
Slime:3:  cheibrodos_slime_lost_civilization_3, layout_caves,
          cheibrodos_slime_lost_civilization_4
Slime:4:  cheibrodos_slime_lost_civilization_2, layout_caves,
          cheibrodos_slime_lost_civilization_5
Slime:5:  uniq_dissolution
Orc:1:    layout_diamond_mine, gammafunk_ghost_split, uniq_maurice
Orc:2:    st_orc_mages, layout_caves, mines1_david
Elf:1:    minmay_elf_arrival_plus, layout_loops_corners, ebering_ghost_gozag,
          hangedman_corner_corridor
Elf:2:    nicolae_elf_blades_splatter_lattice [nicolae_blade_entry_antechamber],
          layout_loops_cross, ebering_ghost_inner_flame, minmay_shop_grid_forest
Elf:3:    minmay_elf_hall_quartered_circle, layout_loops_cross, basic_altar,
          portal_ice_cave_entry_pillars_2
Vaults:1: hangedman_vaults_corner_blocks, hangedman_vaults_hat,
          ontoclasm_vaults_hangar, ontoclasm_vaults_decontamination,
          hangedman_vaults_hard_town_square, v_pattern_3,
          nicolae_vaults_rhombus_6, nicolae_vaults_little_squares_6,
          layout_vaults_omnigrid
Vaults:2: nicolae_vaults_network_square, hangedman_vaults_river_flow, st_cells,
          v_alt_pattern_1, nicolae_vaults_mini_display_case,
          minmay_crypt_entry_simple_round, v_misc_8, ontoclasm_vaults_gateway,
          ontoclasm_vaults_tryst, ontoclasm_vaults_shuriken, vaults_room_pools,
          nicolae_vaults_shelves_hall, layout_vaults_ring, uniq_saint_roka
Vaults:3: v_alt_pattern_1, vaults_room_hallway, nicolae_vaults_three_branches,
          ontoclasm_vaults_idyll, grunt_vaults_focal, hangedman_vaults_stagger,
          ontoclasm_vaults_hangar, hangedman_vaults_impose, v_pattern_1,
          v_misc_30, v_alt_pattern_2, nicolae_vaults_asterisk,
          grunt_vaults_hallway_short, v_misc_22, layout_vaults_maze_bifur,
          serial_shops, shop, uniq_mennas
Vaults:4: hangedman_vaults_variations, v_misc_28, v_rooms_1,
          nicolae_vaults_windows_and_doors_thing,
          nicolae_vaults_little_squares_4, v_misc_5,
          ontoclasm_vaults_ring_square, v_misc_31, vaults_dpeg_encased_lava,
          layout_vaults_omnicross, serial_shops, shop_fountains
Vaults:5
Crypt:1:  layout_basic, serial_sigils_hangedman_etch, grunt_crypt_arrival_split
Crypt:2:  layout_regular_city
Crypt:3:  due_elkab, layout_chaotic_city, ebering_ghost_reflecting_pool,
          hangedman_summoners_spam
Tomb:1
Tomb:2:   uniq_boris
Tomb:3
Depths:1: layout_cave_shapes, serial_rivers, chequers_serial_rivers_micro_a,
          chequers_serial_rivers_room_a, chequers_serial_rivers_micro_c,
          chequers_serial_rivers_large_a, chequers_serial_rivers_micro_a,
          chequers_serial_rivers_large_b, grunt_metal_band, abyss_entry_crystal,
          serial_sigils_hangedman_gut, kennysheep_okawaru_gauntlet,
          serial_bayou_shore_a
Depths:2: minmay_inner_zag, layout_honeycomb, pf_hell_entry_tar_spiral,
          dk_noncrumbling_4, minmay_staircase_windowed_small
Depths:3: lemuel_traditional_vault, layout_cave_shapes,
          grunt_hell_entry_dis_grunt, pan_entry, grunt_ministairs_14,
          nicolae_qazlal_scattered_showers, minmay_shop_grove
Depths:4: hangedman_slaughterboxes, abyss_entry, hell_entry
Depths:5: evilmike_zot_entry_basic, layout_gridlike, enter_ziggurat_b,
          minmay_crystal_water, pf_coc_iceberg, serial_shops,
          nicolae_diamond_shop, hangedman_abyss_entry_splay, uniq_xtahua
Hell
Dis:1:    layout_subdivisions
Dis:2:    layout_jigsaw
Dis:3:    layout_jigsaw, grunt_megastairs_5
Dis:4:    layout_regular_city
Dis:5:    layout_regular_city
Dis:6:    layout_gridville
Dis:7:    iron_city_of_dis [dis_mu, dis_wall_4], layout_chaotic_city
Geh:1:    layout_gehenna_pools_box, lemuel_hellish_altar
Geh:2:    layout_gehenna_lava_caves
Geh:3:    layout_gehenna_pools_triple
Geh:4:    layout_gehenna_pools_triple
Geh:5:    layout_gehenna_pools_basic
Geh:6:    layout_gehenna_lava_caves
Geh:7:    geh_grunt_pentagon
Coc:1:    layout_cocytus_water_paths
Coc:2:    layout_cocytus_water_paths
Coc:3:    layout_ice_bergs
Coc:4:    layout_cocytus_water_paths
Coc:5:    layout_cocytus_water_paths
Coc:6:    layout_ice_bergs
Coc:7:    coc_dpeg
Tar:1:    layout_catacombs
Tar:2:    grunt_deathspiral_small, layout_cathedral_of_symmetry
Tar:3:    layout_grid_maze
Tar:4:    layout_grid_maze, hangedman_tartarus_temple_path,
          nicolae_tar_cuneiform_to_be, nicolae_tar_cuneiform_oil,
          nicolae_tar_cuneiform_two
Tar:5:    layout_grid_maze
Tar:6:    layout_catacombs, grunt_megastairs_4
Tar:7:    tar_old
Zot:1:    kennysheep_oblong_rooms, layout_basic
Zot:2:    layout_gridville
Zot:3:    layout_onion_interference
Zot:4:    layout_gridville, grunt_megastairs_1, lemuel_elevator
Zot:5:    layout_twisted_circle

Skill      XL: |  1  2  3  4  5  6  7  8  9 10 11 12 13 14 15 16 17 18 19 20 21 22 23 24 25 26 27 |
---------------+----------------------------------------------------------------------------------+-----
Transmutations | 1 4 5 7 10 11 12 14 15 17 | 17.0
Stealth        | 2 3 4 6 8 9 11 13 15 17 18 19 22 | 22.6
Air Magic      | 1 2 3 4 5 |  5.0
Spellcasting   | 3 4 6 7 9 10 11 12 13 14 15 17 | 17.5
Poison Magic   | 4 5 6 7 |  7.0
Short Blades   | 2 5 8 10 | 10.0
Invocations    | 1 3 6 8 10 11 12 13 26 | 26.2
Dodging        | 2 4 5 6 8 9 10 11 14 15 18 | 18.0
Hexes          | 1 4 6 9 10 11 15 16 18 19 27 | 27.0
Conjurations   | 2 3 4 7 9 10 11 12 14 16 18 | 18.0
Ice Magic      | 2 4 5 |  5.0
Fighting       | 2 4 8 12 13 15 17 | 17.0
Armour         | 2 3 5 7 8 11 16 | 16.1
Fire Magic     | 1 |  1.0
Necromancy     | 1 |  1.0
Evocations     | 2 5 7 |  7.5
Translocations | 1 2 8 |  8.0
Earth Magic    | 1 |  1.0
Throwing       | 2 7 |  7.9
Shields        | 4 18 | 18.6
Summonings     | 1 2 3 |  3.0
Axes           | 18 | 18.0

Action                   |  1- 3 |  4- 6 |  7- 9 | 10-12 | 13-15 | 16-18 | 19-21 | 22-24 | 25-27 || total
-------------------------+-------+-------+-------+-------+-------+-------+-------+-------+-------++-------
Melee: Unarmed           |     2 |       |       |       |       |       |       |       |       ||     2
       Spear             |     2 |       |       |       |       |       |       |       |       ||     2
       Short sword       |    60 |    38 |       |       |       |       |       |       |       ||    98
       Rapier            |       |    11 |   149 |       |       |       |       |       |       ||   160
       Pair of quick bla |       |       |       |   442 |   745 |  1108 |   632 |   590 |       ||  3517
       Kick              |       |       |       |       |   227 |   329 |   226 |   351 |  1315 ||  2448
       Knife             |       |       |       |       |       |     1 |   125 |   638 |  4011 ||  4775
       Broad axe         |       |       |       |       |       |       |       |       |   837 ||   837
Throw: Dart              |     6 |       |       |       |       |       |       |       |       ||     6
       Boomerang         |       |       |       |       |       |     7 |    12 |       |    50 ||    69
       Javelin           |       |       |       |       |       |       |       |       |     1 ||     1
 Cast: Sting             |    31 |    61 |    29 |    42 |       |       |       |       |       ||   163
       Poisonous Vapours |    18 |    34 |    33 |    77 |    41 |    38 |     5 |     5 |       ||   251
       Animate Skeleton  |       |     2 |     1 |    22 |    70 |    30 |    27 |    14 |    19 ||   185
       Apportation       |       |       |     2 |       |       |       |       |     8 |    15 ||    25
       Ensorcelled Hiber |       |       |     4 |    25 |    40 |    43 |    67 |    11 |    22 ||   212
       Mephitic Cloud    |       |       |     2 |    10 |     6 |     1 |     7 |     1 |       ||    27
       Olgreb's Toxic Ra |       |       |       |     3 |    58 |    73 |    60 |    26 |    22 ||   242
       Ignite Poison     |       |       |       |       |    31 |    35 |    30 |    19 |    14 ||   129
       Frozen Ramparts   |       |       |       |       |       |    24 |    59 |    60 |    28 ||   171
       Fulminant Prism   |       |       |       |       |       |    24 |    15 |    24 |    50 ||   113
       Confusing Touch   |       |       |       |       |       |     3 |     5 |     9 |    10 ||    27
       Inner Flame       |       |       |       |       |       |     3 |     3 |     4 |       ||    10
       Tukima's Dance    |       |       |       |       |       |       |     6 |    29 |   110 ||   145
       Blink             |       |       |       |       |       |       |     5 |     1 |    36 ||    42
       Silence           |       |       |       |       |       |       |     3 |     6 |     3 ||    12
       Invisibility      |       |       |       |       |       |       |       |    28 |    23 ||    51
       Summon Mana Viper |       |       |       |       |       |       |       |    12 |    63 ||    75
       Irradiate         |       |       |       |       |       |       |       |     3 |   177 ||   180
       Passwall          |       |       |       |       |       |       |       |     1 |       ||     1
       Discord           |       |       |       |       |       |       |       |       |    27 ||    27
       Manifold Assault  |       |       |       |       |       |       |       |       |     8 ||     8
       Yara's Violent Un |       |       |       |       |       |       |       |       |     7 ||     7
Invok: Stomp             |       |       |     1 |       |    43 |    17 |    17 |    18 |    92 ||   188
       Line Pass         |       |       |     3 |     1 |    18 |    17 |     8 |    10 |   295 ||   352
       Grand Finale      |       |       |       |     1 |     4 |     3 |     5 |     8 |    30 ||    51
 Abil: Hurl Damnation    |       |       |       |       |       |       |       |       |     3 ||     3
Evoke: Wand              |       |       |       |     1 |     6 |    11 |     7 |     6 |    37 ||    68
       Tin of tremorston |       |       |       |       |       |     4 |     1 |       |       ||     5
       Box of beasts     |       |       |       |       |       |     3 |       |       |     2 ||     5
       Lightning rod     |       |       |       |       |       |     8 |     3 |       |    10 ||    21
       Condenser vane    |       |       |       |       |       |       |     1 |     1 |     8 ||    10
  Use: Scroll            |       |       |     5 |     9 |    12 |     7 |     2 |    11 |    72 ||   118
       Potion            |       |       |     4 |       |     1 |     6 |     1 |     1 |    51 ||    64
 Stab: Sleeping          |     3 |     2 |     9 |    13 |    55 |    35 |   104 |   268 |  1257 ||  1746
       Invisible         |       |       |     4 |       |       |       |       |     8 |     8 ||    20
       Paralysed         |       |       |     4 |    31 |    69 |    83 |    98 |    43 |    76 ||   404
       Confused          |       |       |     3 |    12 |    25 |    24 |    13 |     1 |     2 ||    80
       Held in net/web   |       |       |     1 |       |       |     4 |       |       |       ||     5
       Distracted        |       |       |       |       |     7 |     2 |       |     3 |     1 ||    13
Armor: Robe              |    18 |    18 |    24 |    17 |       |       |       |       |       ||    77
       Troll leather arm |       |       |       |    42 |     2 |       |       |       |       ||    44
       Steam dragon scal |       |       |       |       |   128 |   177 |   127 |   245 |   262 ||   939
       Acid dragon scale |       |       |       |       |       |   121 |       |       |       ||   121
       Ring mail         |       |       |       |       |       |       |       |       |   572 ||   572
Dodge: Dodged            |    51 |    68 |    93 |   186 |   308 |   725 |   465 |   725 |  3068 ||  5689
Block: Buckler           |       |       |       |       |       |       |       |    68 |   602 ||   670
       Reflection        |       |       |       |       |       |       |       |       |    10 ||    10
       Kite shield       |       |       |       |       |       |       |       |       |  1369 ||  1369
       Tower shield      |       |       |       |       |       |       |       |       |   827 ||   827

Table legend: (Time is in decaauts)
 A = Elapsed time spent in this place.
 B = Non-inter-level travel time spent in this place.
 C = Inter-level travel time spent in this place.
 D = Time resting spent in this place.
 E = Time spent auto-exploring this place.
 F = Levels seen in this place.
 G = Mean time per level.
                   A        B        C        D        E       F      G
               +--------+--------+--------+--------+--------+-----+--------+
         Total | 104022 |  81866 |  22156 |  12919 |  38134 | 116 |  896.7 |
       Dungeon |  29254 |  19601 |   9653 |   3045 |  12451 |  15 | 1950.3 |
        Temple |      5 |      5 |      0 |      0 |      4 |   1 |    5.0 |
          Lair |   8602 |   6921 |   1681 |   1239 |   4032 |   6 | 1433.7 |
         Swamp |   3035 |   2357 |    678 |    193 |   1248 |   4 |  758.8 |
   Spider Nest |   4906 |   4263 |    643 |    501 |   2591 |   4 | 1226.5 |
    Slime Pits |    651 |    545 |    106 |    126 |      4 |   5 |  130.2 |
  Orcish Mines |   2927 |   2059 |    868 |    401 |   1163 |   2 | 1463.5 |
   Elven Halls |   6311 |   5232 |   1079 |   1646 |   2150 |   3 | 2103.7 |
        Vaults |   8912 |   7277 |   1635 |    732 |   3599 |   5 | 1782.4 |
         Crypt |   1621 |   1359 |    262 |    141 |    469 |   3 |  540.3 |
          Tomb |   2481 |   2319 |    162 |    359 |    696 |   3 |  827.0 |
        Depths |  10773 |   6961 |   3812 |   1264 |   3236 |   5 | 2154.6 |
          Hell |   1205 |    915 |    290 |    138 |    228 |   1 | 1205.0 |
           Dis |   2052 |   1736 |    316 |    317 |      5 |   7 |  293.1 |
       Gehenna |   1810 |   1697 |    113 |     22 |    368 |   7 |  258.6 |
       Cocytus |    971 |    940 |     31 |     84 |      5 |   7 |  138.7 |
      Tartarus |   2254 |   2151 |    103 |    408 |    379 |   7 |  322.0 |
           Zot |   5838 |   5122 |    716 |    967 |   2632 |   5 | 1167.6 |
         Abyss |   2940 |   2940 |      0 |     92 |    846 |   5 |  588.0 |
   Pandemonium |   6788 |   6788 |      0 |   1204 |   1787 |  19 |  357.3 |
      Ice Cave |    310 |    310 |      0 |      4 |     56 |   1 |  310.0 |
       Volcano |    365 |    365 |      0 |     33 |    183 |   1 |  365.0 |
               +--------+--------+--------+--------+--------+-----+--------+

Top non-repeatable levels by time:
   Elf:3: 3011 daAuts
Depths:1: 2924 daAuts
    D:11: 2777 daAuts
Depths:4: 2682 daAuts
    D:10: 2658 daAuts
     D:4: 2529 daAuts
     D:9: 2262 daAuts
     D:8: 2231 daAuts
    D:15: 2211 daAuts
Vaults:5: 2199 daAuts
  Lair:6: 2185 daAuts
     D:7: 2160 daAuts
    D:12: 2048 daAuts
Vaults:1: 1993 daAuts
     D:6: 1961 daAuts

Table legend:
 A = Kills in this place as a percentage of kills in entire the game.
 B = Kills by you in this place as a percentage of kills by you in the entire game.
 C = Kills by friends in this place as a percentage of kills by friends in the entire game.
 D = Other kills in this place as a percentage of other kills in the entire game.
 E = Experience gained in this place as a percentage of experience gained in the entire game.
 F = Experience gained in this place divided by the number of levels of this place that you have seen.
                   A       B       C       D       E      F
               +-------+-------+-------+-------+-------+----------------------
         Total | 100.0 | 100.0 | 100.0 | 100.0 | 100.0 | 30730.8
       Dungeon |   9.7 |   9.9 |   1.2 |   5.3 |   3.3 | 7774.8
          Lair |   5.1 |   5.1 |   7.1 |   2.6 |   1.9 | 11173.3
         Swamp |   3.2 |   3.1 |   5.9 |   7.9 |   2.4 | 21803.2
   Spider Nest |   6.1 |   6.3 |   0.0 |   0.0 |   3.2 | 28948.2
    Slime Pits |   1.1 |   1.1 |   1.2 |   0.0 |   1.9 | 13411.2
  Orcish Mines |   3.0 |   3.1 |   0.0 |   0.0 |   0.4 | 6771.0
   Elven Halls |   4.1 |   4.2 |   0.0 |   2.6 |   3.9 | 46654.0
        Vaults |   9.7 |   9.8 |   4.7 |   7.9 |  10.7 | 75959.2
         Crypt |   1.9 |   1.9 |   3.5 |   2.6 |   1.8 | 21382.7
          Tomb |   5.6 |   5.2 |  21.2 |  10.5 |   8.1 | 96216.3
        Depths |   6.3 |   6.4 |   5.9 |   2.6 |  10.0 | 71458.8
          Hell |   2.5 |   2.5 |   2.4 |   0.0 |   2.3 | 83718.0
           Dis |   5.6 |   5.7 |   2.4 |   2.6 |   6.4 | 32819.4
       Gehenna |   6.3 |   6.3 |   5.9 |   5.3 |   4.9 | 24999.7
       Cocytus |   2.9 |   3.0 |   0.0 |   7.9 |   4.7 | 23878.1
      Tartarus |   5.1 |   5.0 |   4.7 |  10.5 |   4.9 | 24911.0
           Zot |   4.9 |   4.9 |   8.2 |   0.0 |  11.2 | 79848.0
         Abyss |   4.8 |   4.8 |   4.7 |   0.0 |   3.8 | 26960.2
   Pandemonium |  11.2 |  10.8 |  21.2 |  31.6 |  13.6 | 25587.7
      Ice Cave |   0.8 |   0.8 |   0.0 |   0.0 |   0.4 | 15214.0
       Volcano |   0.2 |   0.2 |   0.0 |   0.0 |   0.1 | 2258.0
               +-------+-------+-------+-------+-------+----------------------
